Workbook

Sheet ORÇAMENTO
C1: PREFEITURA MUNICIPAL DE GOIANA
C2: SECRETARIA DE SAÚDE
N3: lembrar de adicionar emboço para corrigir as imperfeiççoes
A4: OBRA: | C4: CONTRATAÇÃO DE EMPRESA ESPECIALIZADA PARA EXECUÇÃO DOS SERVIÇOS REMANESCENTES E COMPLEMENTARES VISANDO À RETOMADA E CONCLUSÃO DA OBRA DE CONSTRUÇÃO DA UNIDADE BÁSICA DE SAÚDE – UBS MALVINAS | J4: BDI: | K4: 0.2452 | N4: pintrua do muro
A5: ENDEREÇO: | C5: LOTEAMENTO GULANDIM S/N, MALVINAS, DISTRITO DE PONTA DE PEDRAS, MUNICIPIO DE GOIANA - PE. | J5: BDI DIFERENCIADO: | K5: 0.1632 | N5: chapim em cima DA PLATIBANDA E DO MURO
A6: DATA: | C6: 46054 | N6: ar condicionado
A7: TABELAS DE REFER: | C7: SINAPI - JANEIRO 2026 (DESONERADA) , ORSE - I DEZ/2025 e SEINFRA - 028.1 | N7: INSTALAÇÃO PROVISÓRIA DE A´GUA E ESGOTO
A8: Orçamento Sintético | N8: GRADE?
A9: Item | B9: Código | C9: Banco | D9: Descrição | E9: Und | F9: Quant. | G9: Valor Unit sem BDI | H9: BDI | I9: Valor Unit com BDI | J9: Valor Total sem BDI | K9: Valor Total com BDI | L9: Peso (%) | N9: ARMAÇÃO SAPATA DO MURO
A10: 1 | D10: SERVIÇOS PRELIMINARES | J10: =SUM(J11:J18) -> 31411.38 | K10: =SUM(K11:K18) -> 38536.19 | L10: =K10/$J$321 -> 0.044481925 | N10: TAPUME?
A11: 1.1 | B11: 103689 | C11: SINAPI | D11: FORNECIMENTO E INSTALAÇÃO DE PLACA DE OBRA COM CHAPA GALVANIZADA E ESTRUTURA DE MADEIRA. AF_03/2022_PS | E11: M² | F11: ='Memória de Cálculo'!J11 -> 4.5 | G11: 466.25 | H11: =$K$4 -> 0.2452 | I11: =TRUNC(G11*1.2452,2) -> 580.57 | J11: =TRUNC(F11*G11,2) -> 2098.12 | K11: =TRUNC(I11*F11,2) -> 2612.56 | L11: =K11/$J$321 -> 0.0030156509 | M11: 671.99
A12: 1.2 | B12: C4995 | C12: SEINFRA | D12: LOCAÇÃO DE CONTÊINER BANHEIRO COM 02 VASOS SANITÁRIOS, 01 LAVATÓRIO E 04 CHUVEIROS - 6,00 X 2,35M | E12: MÊS | F12: ='Memória de Cálculo'!J15 -> 6 | G12: 1163.86 | H12: =K5 -> 0.1632 | I12: =TRUNC(G12*1.1632,2) -> 1353.8 | J12: =TRUNC(F12*G12,2) -> 6983.16 | K12: =TRUNC(I12*F12,2) -> 8122.8 | L12: =K12/$J$321 -> 0.0093760639 | M12: 912.26 | N12: FERRAGEM SAPATA DO MURO
A13: 1.3 | B13: 94319 | C13: SINAPI | D13: ATERRO MANUAL DE VALAS COM SOLO ARGILO-ARENOSO. AF_08/2023 | E13: M³ | F13: ='Memória de Cálculo'!J21 -> 78 | G13: 80.22 | H13: =$K$4 -> 0.2452 | I13: =TRUNC(G13*1.2452,2) -> 99.88 | J13: =TRUNC(F13*G13,2) -> 6257.16 | K13: =TRUNC(I13*F13,2) -> 7790.64 | L13: =K13/$J$321 -> 0.008992655
A14: 1.4 | B14: 98459 | C14: SINAPI | D14: TAPUME COM TELHA METÁLICA. AF_03/2024 | E14: M² | F14: ='Memória de Cálculo'!J25 -> 121 | G14: 93.47 | H14: =$K$4 -> 0.2452 | I14: =TRUNC(G14*1.2452,2) -> 116.38 | J14: =TRUNC(F14*G14,2) -> 11309.87 | K14: =TRUNC(I14*F14,2) -> 14081.98 | L14: =K14/$J$321 -> 0.016254684 | M14: 958,1 - 350,47
A15: 1.5 | B15: 97637 | C15: SINAPI | D15: REMOÇÃO DE TAPUME/ CHAPAS METÁLICAS E DE MADEIRA, DE FORMA MANUAL, SEM REAPROVEITAMENTO. AF_09/2023 | E15: M² | F15: ='Memória de Cálculo'!J29 -> 121 | G15: 2.89 | H15: =$K$4 -> 0.2452 | I15: =TRUNC(G15*1.2452,2) -> 3.59 | J15: =TRUNC(F15*G15,2) -> 349.69 | K15: =TRUNC(I15*F15,2) -> 434.39 | L15: =K15/$J$321 -> 0.00050141188
A16: 1.6 | B16: C2851 | C16: SEINFRA | D16: INSTALAÇÕES PROVISÓRIAS DE ÁGUA | E16: UN | F16: 1 | G16: 1343.32 | H16: =$K$4 -> 0.2452 | I16: =TRUNC(G16*1.2452,2) -> 1672.7 | J16: =TRUNC(F16*G16,2) -> 1343.32 | K16: =TRUNC(I16*F16,2) -> 1672.7 | L16: =K16/$J$321 -> 0.0019307803
A17: 1.7 | B17: C2849 | C17: SENFRA | D17: INSTALAÇÕES PROVISÓRIAS DE ESGOTO | E17: UN | F17: 1 | G17: 262.81 | H17: =$K$4 -> 0.2452 | I17: =TRUNC(G17*1.2452,2) -> 327.25 | J17: =TRUNC(F17*G17,2) -> 262.81 | K17: =TRUNC(I17*F17,2) -> 327.25 | L17: =K17/$J$321 -> 0.00037774128
A18: 1.8 | B18: C2102 | C18: SEINFRA | D18: RASPAGEM E LIMPEZA DO TERRENO | E18: M² | F18: ='Memória de Cálculo'!J41 -> 607.63 | G18: 4.62 | H18: =$K$4 -> 0.2452 | I18: =TRUNC(G18*1.2452,2) -> 5.75 | J18: =TRUNC(F18*G18,2) -> 2807.25 | K18: =TRUNC(I18*F18,2) -> 3493.87 | L18: =K18/$J$321 -> 0.0040329379
A19: 2 | D19: ADMINISTRAÇÃO LOCAL | J19: =SUM(J20:J21) -> 84229.2 | K19: =SUM(K20:K21) -> 104881.92 | L19: =K19/$J$321 -> 0.12106411 | N19: FERRAGENS CASINHAS
A20: 2.1 | B20: 90776 | C20: SINAPI | D20: ENCARREGADO GERAL COM ENCARGOS COMPLEMENTARES | E20: H | F20: ='Memória de Cálculo'!J47 -> 1056 | G20: 45.27 | H20: =$K$4 -> 0.2452 | I20: =TRUNC(G20*1.2452,2) -> 56.37 | J20: =TRUNC(F20*G20,2) -> 47805.12 | K20: =TRUNC(I20*F20,2) -> 59526.72 | L20: =K20/$J$321 -> 0.068711076 | M20: 38.89
A21: 2.2 | B21: 90778 | C21: SINAPI | D21: ENGENHEIRO CIVIL DE OBRA PLENO COM ENCARGOS COMPLEMENTARES | E21: H | F21: ='Memória de Cálculo'!J51 -> 264 | G21: 137.97 | H21: =$K$4 -> 0.2452 | I21: =TRUNC(G21*1.2452,2) -> 171.8 | J21: =TRUNC(F21*G21,2) -> 36424.08 | K21: =TRUNC(I21*F21,2) -> 45355.2 | L21: =K21/$J$321 -> 0.052353037 | M21: 126.62
A22: 3 | D22: ESTRUTURAS METÁLICAS | J22: =SUM(J23:J32) -> 74145.04 | K22: =SUM(K23:K32) -> 92140.65 | L22: =K22/$J$321 -> 0.106357
A23: 3.1 | B23: COMPOSIÇÃO 01 | C23: PRÓPRIO | D23: VIGA METÁLICA EM PERFIL LAMINADO OU SOLDADO EM AÇO ESTRUTURAL, COM CONEXÕES SOLDADAS, INCLUSOS MÃO DE OBRA, TRANSPORTE E IÇAMENTO UTILIZANDO GUINDASTE - FORNECIMENTO E INSTALAÇÃO. | E23: KG | F23: ='Memória de Cálculo'!J68 -> 3098.5572 | G23: =Composições!J22 -> 18.81 | H23: =$K$4 -> 0.2452 | I23: =TRUNC(G23*1.2452,2) -> 23.42 | J23: =TRUNC(F23*G23,2) -> 58283.86 | K23: =TRUNC(F23*I23,2) -> 72568.2 | L23: =K23/$J$321 -> 0.083764721 | M23: 19.02
A24: 3.2 | B24: COMPOSIÇÃO 02 | C24: PRÓPRIO | D24: PILAR METÁLICO PERFIL LAMINADO OU SOLDADO EM AÇO ESTRUTURAL, COM CONEXÕES SOLDADAS, INCLUSOS MÃO DE OBRA, TRANSPORTE E IÇAMENTO UTILIZANDO GUINDASTE - FORNECIMENTO E INSTALAÇÃO. | E24: KG | F24: ='Memória de Cálculo'!J73 -> 444.416 | G24: =Composições!J36 -> 20.47 | H24: =$K$4 -> 0.2452 | I24: =TRUNC(G24*1.2452,2) -> 25.48 | J24: =TRUNC(F24*G24,2) -> 9097.19 | K24: =TRUNC(F24*I24,2) -> 11323.71 | L24: =K24/$J$321 -> 0.013070841 | M24: 18.8
A25: 3.3 | B25: 95108 | C25: SINAPI | D25: EXECUÇÃO DE PROTEÇÃO DA CABEÇA DO TIRANTE COM USO DE FÔRMAS METÁLICAS, 50 UTILIZAÇÕES, E CONCRETO FCK =15 MPA. AF_11/2023 | E25: UN | F25: ='Memória de Cálculo'!J77 -> 2 | G25: 38.65 | H25: =$K$4 -> 0.2452 | I25: =TRUNC(G25*1.2452,2) -> 48.12 | J25: =TRUNC(F25*G25,2) -> 77.3 | K25: =TRUNC(F25*I25,2) -> 96.24 | L25: =K25/$J$321 -> 0.00011108883 | M25: 30.96
A26: 3.4 | B26: 1332 | C26: SINAPI-I | D26: CHAPA DE ACO GROSSA, ASTM A36, E = 3/8 " (9,53 MM) 74,69 KG/M² | E26: KG | F26: ='Memória de Cálculo'!J81 -> 6.96 | G26: 8.12 | H26: 0.1632 | I26: =TRUNC(G26*1.1632,2) -> 9.44 | J26: =TRUNC(F26*G26,2) -> 56.51 | K26: =TRUNC(F26*I26,2) -> 65.7 | L26: =K26/$J$321 -> 7.5836829e-05 | M26: 9.57
A27: 3.5 | B27: 1334 | C27: SINAPI-I | D27: CHAPA DE ACO GROSSA, ASTM A36, E = 5/8 " (15,88 MM) 124,49 KG/M² | E27: KG | F27: ='Memória de Cálculo'!J85 -> 45.28 | G27: 9 | H27: 0.1632 | I27: =TRUNC(G27*1.1632,2) -> 10.46 | J27: =TRUNC(F27*G27,2) -> 407.52 | K27: =TRUNC(F27*I27,2) -> 473.62 | L27: =K27/$J$321 -> 0.00054669466 | M27: 10.62
A28: 3.6 | B28: 11962 | C28: SINAPI-I | D28: PARAFUSO ZINCADO, SEXTAVADO, COM ROSCA INTEIRA, DIAMETRO 1/4", COMPRIMENTO 1/2" | E28: UN | F28: ='Memória de Cálculo'!J89 -> 32 | G28: 0.35 | H28: 0.1632 | I28: =TRUNC(G28*1.1632,2) -> 0.4 | J28: =TRUNC(F28*G28,2) -> 11.2 | K28: =TRUNC(F28*I28,2) -> 12.8 | L28: =K28/$J$321 -> 1.4774907e-05 | M28: 0.29
A29: 3.7 | B29: 4332 | C29: SINAPI-I | D29: PARAFUSO ZINCADO, SEXTAVADO, COM ROSCA INTEIRA, DIAMETRO 3/8", COMPRIMENTO 2" | E29: UN | F29: ='Memória de Cálculo'!J93 -> 396 | G29: 1.7 | H29: 0.1632 | I29: =TRUNC(G29*1.1632,2) -> 1.97 | J29: =TRUNC(F29*G29,2) -> 673.2 | K29: =TRUNC(F29*I29,2) -> 780.12 | L29: =K29/$J$321 -> 0.00090048443 | M29: 1.43
A30: 3.8 | B30: 4346 | C30: SINAPI-I | D30: PARAFUSO DE FERRO POLIDO, SEXTAVADO, COM ROSCA PARCIAL, DIAMETRO 5/8", COMPRIMENTO 6", COM PORCA E ARRUELA DE PRESSAO MEDIA | E30: UN | F30: ='Memória de Cálculo'!J97 -> 56 | G30: 15.84 | H30: 0.1632 | I30: =TRUNC(G30*1.1632,2) -> 18.42 | J30: =TRUNC(F30*G30,2) -> 887.04 | K30: =TRUNC(F30*I30,2) -> 1031.52 | L30: =K30/$J$321 -> 0.0011906728 | M30: 13.31
A31: 3.9 | B31: 13246 | C31: SINAPI-I | D31: PARAFUSO DE FERRO POLIDO, SEXTAVADO, COM ROSCA INTEIRA, DIAMETRO 5/16", COMPRIMENTO 3/4", COM PORCA E ARRUELA LISA LEVE | E31: UN | F31: ='Memória de Cálculo'!J101 -> 48 | G31: 0.7 | H31: 0.1632 | I31: =TRUNC(G31*1.1632,2) -> 0.81 | J31: =TRUNC(F31*G31,2) -> 33.6 | K31: =TRUNC(F31*I31,2) -> 38.88 | L31: =K31/$J$321 -> 4.4878781e-05 | M31: 0.59
A32: 3.10 | B32: 104878 | C32: SINAPI | D32: EXECUÇÃO DE LONGARINA, PARA TIRANTES PERMANENTES, COM PERFIL METÁLICO, INCLUINDO CUNHA E SOLIDARIZAÇÃO. AF_11/2023 | E32: UN | F32: 2 | G32: 2308.81 | H32: 0.2452 | I32: =TRUNC(G32*1.2452,2) -> 2874.93 | J32: =TRUNC(F32*G32,2) -> 4617.62 | K32: =TRUNC(F32*I32,2) -> 5749.86 | L32: =K32/$J$321 -> 0.0066370038
A33: 4 | D33: ALVENARIA - VEDAÇÃO E MURIO EXTERNO | J33: =SUM(J34:J44) -> 14031.85 | K33: =SUM(K34:K44) -> 17471.83 | L33: =K33/$J$321 -> 0.020167552
A34: 4.1 | B34: 103346 | C34: SINAPI | D34: ALVENARIA DE VEDAÇÃO DE BLOCOS CERÂMICOS FURADOS NA VERTICAL DE 14X19X29 CM (ESPESSURA 14 CM) E ARGAMASSA DE ASSENTAMENTO COM PREPARO EM BETONEIRA. AF_12/2021 | E34: M² | F34: ='Memória de Cálculo'!J114 -> 59.64 | G34: 84.18 | H34: =$K$4 -> 0.2452 | I34: =TRUNC(G34*1.2452,2) -> 104.82 | J34: =TRUNC(F34*G34,2) -> 5020.49 | K34: =TRUNC(F34*I34,2) -> 6251.46 | L34: =K34/$J$321 -> 0.0072159955 | M34: 79.63
A35: 4.2 | B35: 90082 | C35: SINAPI | D35: ESCAVAÇÃO MECANIZADA DE VALA COM PROF. ATÉ 1,5 M (MÉDIA MONTANTE E JUSANTE/UMA COMPOSIÇÃO POR TRECHO), ESCAVADEIRA (0,8 M3), LARG. DE 1,5 M A 2,5 M, EM SOLO DE 1A CATEGORIA, EM LOCAIS COM ALTO NÍVEL DE INTERFERÊNCIA. AF_09/2024 | E35: M³ | F35: ='Memória de Cálculo'!J118 -> 0.512 | G35: 9.49 | H35: =$K$4 -> 0.2452 | I35: =TRUNC(G35*1.2452,2) -> 11.81 | J35: =TRUNC(F35*G35,2) -> 4.85 | K35: =TRUNC(F35*I35,2) -> 6.04 | L35: =K35/$J$321 -> 6.9719094e-06
A36: 4.3 | B36: 96619 | C36: SINAPI | D36: LASTRO DE CONCRETO MAGRO, APLICADO EM BLOCOS DE COROAMENTO OU SAPATAS, ESPESSURA DE 5 CM. AF_01/2024 | E36: M² | F36: ='Memória de Cálculo'!J122 -> 3.08 | G36: 42.77 | H36: =$K$4 -> 0.2452 | I36: =TRUNC(G36*1.2452,2) -> 53.25 | J36: =TRUNC(F36*G36,2) -> 131.73 | K36: =TRUNC(F36*I36,2) -> 164.01 | L36: =K36/$J$321 -> 0.00018931504
A37: 4.4 | B37: 96543 | C37: SINAPI | D37: ARMAÇÃO DE BLOCO UTILIZANDO AÇO CA-60 DE 5 MM - MONTAGEM. AF_01/2024 | E37: KG | F37: ='Memória de Cálculo'!J126 -> 28 | G37: 19.5 | H37: =$K$4 -> 0.2452 | I37: =TRUNC(G37*1.2452,2) -> 24.28 | J37: =TRUNC(F37*G37,2) -> 546 | K37: =TRUNC(F37*I37,2) -> 679.84 | L37: =K37/$J$321 -> 0.00078473227
A38: 4.5 | B38: 96545 | C38: SINAPI | D38: ARMAÇÃO DE BLOCO UTILIZANDO AÇO CA-50 DE 8 MM - MONTAGEM. AF_01/2024 | E38: KG | F38: ='Memória de Cálculo'!J130 -> 39.68 | G38: 15.46 | H38: =$K$4 -> 0.2452 | I38: =TRUNC(G38*1.2452,2) -> 19.25 | J38: =TRUNC(F38*G38,2) -> 613.45 | K38: =TRUNC(F38*I38,2) -> 763.84 | L38: =K38/$J$321 -> 0.0008816926
A39: 4.6 | B39: 92411 | C39: SINAPI | D39: MONTAGEM E DESMONTAGEM DE FÔRMA DE PILARES RETANGULARES E ESTRUTURAS SIMILARES, PÉ-DIREITO SIMPLES, EM MADEIRA SERRADA, 2 UTILIZAÇÕES. AF_09/2020 | E39: M² | F39: ='Memória de Cálculo'!J137 -> 10 | G39: 172.01 | H39: =$K$4 -> 0.2452 | I39: =TRUNC(G39*1.2452,2) -> 214.18 | J39: =TRUNC(F39*G39,2) -> 1720.1 | K39: =TRUNC(F39*I39,2) -> 2141.8 | L39: =K39/$J$321 -> 0.0024722575
A40: 4.7 | B40: 96558 | C40: SINAPI | D40: CONCRETAGEM DE SAPATA, FCK 30 MPA, COM USO DE BOMBA - LANÇAMENTO, ADENSAMENTO E ACABAMENTO. AF_01/2024 | E40: M³ | F40: ='Memória de Cálculo'!J141 -> 0.256 | G40: 789.39 | H40: =$K$4 -> 0.2452 | I40: =TRUNC(G40*1.2452,2) -> 982.94 | J40: =TRUNC(F40*G40,2) -> 202.08 | K40: =TRUNC(F40*I40,2) -> 251.63 | L40: =K40/$J$321 -> 0.0002904539
A41: 4.8 | B41: 96555 | C41: SINAPI | D41: CONCRETAGEM DE BLOCO DE COROAMENTO OU VIGA BALDRAME, FCK 30 MPA, COM USO DE JERICA - LANÇAMENTO, ADENSAMENTO E ACABAMENTO. AF_01/2024 | E41: M³ | F41: ='Memória de Cálculo'!J145 -> 0.84 | G41: 795.04 | H41: 0.2452 | I41: =TRUNC(G41*1.2452,2) -> 989.98 | J41: =TRUNC(F41*G41,2) -> 667.83 | K41: =TRUNC(F41*I41,2) -> 831.58 | L41: =K41/$J$321 -> 0.00095988418
A42: 4.9 | B42: 103672 | C42: SINAPI | D42: CONCRETAGEM DE PILARES, FCK = 25 MPA, COM USO DE BOMBA - LANÇAMENTO, ADENSAMENTO E ACABAMENTO. AF_02/2022_PS | E42: M³ | F42: ='Memória de Cálculo'!J149 -> 0.75 | G42: 682.49 | H42: =$K$4 -> 0.2452 | I42: =TRUNC(G42*1.2452,2) -> 849.83 | J42: =TRUNC(F42*G42,2) -> 511.86 | K42: =TRUNC(F42*I42,2) -> 637.37 | L42: =K42/$J$321 -> 0.00073570959
A43: 4.10 | B43: 104109 | C43: SINAPI | D43: ARMAÇÃO DE PILAR OU VIGA DE ESTRUTURA DE CONCRETO ARMADO EMBUTIDA EM ALVENARIA DE VEDAÇÃO UTILIZANDO AÇO CA-50 DE 8,0 MM - MONTAGEM. AF_06/2022 | E43: KG | F43: ='Memória de Cálculo'!J153 -> 49.36 | G43: 15.12 | H43: =$K$4 -> 0.2452 | I43: =TRUNC(G43*1.2452,2) -> 18.82 | J43: =TRUNC(F43*G43,2) -> 746.32 | K43: =TRUNC(F43*I43,2) -> 928.95 | L43: =K43/$J$321 -> 0.0010722774
A44: 4.11 | B44: 100701 | C44: SINAPI | D44: PORTA DE FERRO, DE ABRIR, TIPO GRADE COM CHAPA, COM GUARNIÇÕES. AF_10/2025 | E44: M² | F44: ='Memória de Cálculo'!J157 -> 5.04 | G44: 767.29 | H44: =$K$4 -> 0.2452 | I44: =TRUNC(G44*1.2452,2) -> 955.42 | J44: =TRUNC(F44*G44,2) -> 3867.14 | K44: =TRUNC(F44*I44,2) -> 4815.31 | L44: =K44/$J$321 -> 0.0055582624 | M44: PINTURA?
A45: 5 | D45: COBERTURA | J45: =SUM(J46:J54) -> 51855.63 | K45: =SUM(K46:K54) -> 64567.46 | L45: =K45/$J$321 -> 0.07452955
A46: 5.1 | B46: 92543 | C46: SINAPI | D46: TRAMA DE MADEIRA COMPOSTA POR TERÇAS PARA TELHADOS DE ATÉ 2 ÁGUAS PARA TELHA ONDULADA DE FIBROCIMENTO, METÁLICA, PLÁSTICA OU TERMOACÚSTICA, INCLUSO TRANSPORTE VERTICAL. AF_10/2025 | E46: M² | F46: ='Memória de Cálculo'!J163 -> 67.75 | G46: 28.02 | H46: =$K$4 -> 0.2452 | I46: =TRUNC(G46*1.2452,2) -> 34.89 | J46: =TRUNC(F46*G46,2) -> 1898.35 | K46: =TRUNC(F46*I46,2) -> 2363.79 | L46: =K46/$J$321 -> 0.0027284983 | M46: 25.98
A47: 5.2 | B47: 94213 | C47: SINAPI | D47: TELHAMENTO COM TELHA DE AÇO/ALUMÍNIO E = 0,5 MM, COM ATÉ 2 ÁGUAS, INCLUSO IÇAMENTO. AF_07/2019 | E47: M² | F47: ='Memória de Cálculo'!J167 -> 67.75 | G47: 65.56 | H47: =$K$4 -> 0.2452 | I47: =TRUNC(G47*1.2452,2) -> 81.63 | J47: =TRUNC(F47*G47,2) -> 4441.69 | K47: =TRUNC(F47*I47,2) -> 5530.43 | L47: =K47/$J$321 -> 0.006383718 | M47: 66.11
A48: 5.3 | B48: C0770 | C48: SEINFRA | D48: CHAPA POLICARBONATO COMPACTO CRISTAL ESP.= 6mm | E48: M² | F48: ='Memória de Cálculo'!J173 -> 20.03 | G48: 547.42 | H48: =$K$4 -> 0.2452 | I48: =TRUNC(G48*1.2452,2) -> 681.64 | J48: =TRUNC(F48*G48,2) -> 10964.82 | K48: =TRUNC(F48*I48,2) -> 13653.24 | L48: =K48/$J$321 -> 0.015759793 | M48: 434.27
A49: 5.4 | B49: 94229 | C49: SINAPI | D49: CALHA EM CHAPA DE AÇO GALVANIZADO NÚMERO 24, DESENVOLVIMENTO DE 100 CM, INCLUSO TRANSPORTE VERTICAL. AF_07/2019 | E49: M | F49: ='Memória de Cálculo'!J182 -> 46.75 | G49: 146.84 | H49: =$K$4 -> 0.2452 | I49: =TRUNC(G49*1.2452,2) -> 182.84 | J49: =TRUNC(F49*G49,2) -> 6864.77 | K49: =TRUNC(F49*I49,2) -> 8547.77 | L49: =K49/$J$321 -> 0.0098666023 | M49: 81.6
A50: 5.5 | B50: 94231 | C50: SINAPI | D50: RUFO EM CHAPA DE AÇO GALVANIZADO NÚMERO 24, CORTE DE 25 CM, INCLUSO TRANSPORTE VERTICAL. AF_07/2019 | E50: M | F50: ='Memória de Cálculo'!J185 -> 158.42 | G50: 46.53 | H50: =$K$4 -> 0.2452 | I50: =TRUNC(G50*1.2452,2) -> 57.93 | J50: =TRUNC(F50*G50,2) -> 7371.28 | K50: =TRUNC(F50*I50,2) -> 9177.27 | L50: =K50/$J$321 -> 0.010593228 | M50: 49.74
A51: 5.6 | B51: 94216 | C51: SINAPI | D51: TELHAMENTO COM TELHA METÁLICA TERMOACÚSTICA E = 30 MM, COM ATÉ 2 ÁGUAS, INCLUSO IÇAMENTO. AF_07/2019 | E51: M² | F51: ='Memória de Cálculo'!J192 -> 35 | G51: 190.16 | H51: =$K$4 -> 0.2452 | I51: =TRUNC(G51*1.2452,2) -> 236.78 | J51: =TRUNC(F51*G51,2) -> 6655.6 | K51: =TRUNC(F51*I51,2) -> 8287.3 | L51: =K51/$J$321 -> 0.0095659445
A52: 5.7 | B52: 100384 | C52: SINAPI | D52: FABRICAÇÃO E INSTALAÇÃO DE PONTALETES DE MADEIRA NÃO APARELHADA PARA TELHADOS COM ATÉ 2 ÁGUAS E COM TELHA ONDULADA DE FIBROCIMENTO, ALUMÍNIO OU PLÁSTICA EM EDIFÍCIO INSTITUCIONAL TÉRREO, INCLUSO TRANSPORTE VERTICAL. AF_10/2025 | E52: M² | F52: ='Memória de Cálculo'!J195 -> 67.75 | G52: 30.11 | H52: =$K$4 -> 0.2452 | I52: =TRUNC(G52*1.2452,2) -> 37.49 | J52: =TRUNC(F52*G52,2) -> 2039.95 | K52: =TRUNC(F52*I52,2) -> 2539.94 | L52: =K52/$J$321 -> 0.0029318264
A53: 5.8 | B53: 97650 | C53: SINAPI | D53: REMOÇÃO DE TRAMA DE MADEIRA PARA COBERTURA, DE FORMA MANUAL, SEM REAPROVEITAMENTO. AF_09/2023 | E53: M² | F53: ='Memória de Cálculo'!J198 -> 67.75 | G53: 8.12 | H53: =$K$4 -> 0.2452 | I53: =TRUNC(G53*1.2452,2) -> 10.11 | J53: =TRUNC(F53*G53,2) -> 550.13 | K53: =TRUNC(F53*I53,2) -> 684.95 | L53: =K53/$J$321 -> 0.00079063069
A54: 5.9 | B54: 8637 | C54: ORSE | D54: CHAPIM DE CONCRETO PRÉ-MOLDADO | E54: M | F54: ='Memória de Cálculo'!J201 -> 212.01 | G54: 52.21 | H54: =$K$4 -> 0.2452 | I54: =TRUNC(G54*1.2452,2) -> 65.01 | J54: =TRUNC(F54*G54,2) -> 11069.04 | K54: =TRUNC(F54*I54,2) -> 13782.77 | L54: =K54/$J$321 -> 0.015909309
A55: 6 | D55: REVESTIMENTOS | J55: =SUM(J56+J77+J68) -> 259808.6 | K55: =SUM(K56+K68+K77) -> 323474.21 | L55: =K55/$J$321 -> 0.37338293
A56: 6.1 | D56: PISO | J56: =SUM(J57:J67) -> 100862.51 | K56: =SUM(K57:K67) -> 125588.24 | L56: =K56/$J$321 -> 0.1449652
A57: 6.1.1 | B57: 90952 | C57: SINAPI | D57: CONTRAPISO ACÚSTICO EM ARGAMASSA TRAÇO 1:4 (CIMENTO E AREIA), PREPARO MANUAL, APLICADO EM ÁREAS SECAS, ACABAMENTO NÃO REFORÇADO, ESPESSURA 7 CM. AF_07/2021 | E57: M² | F57: ='Memória de Cálculo'!J213 -> 40 | G57: 115.04 | H57: =$K$4 -> 0.2452 | I57: =TRUNC(G57*1.2452,2) -> 143.24 | J57: =TRUNC(F57*G57,2) -> 4601.6 | K57: =TRUNC(F57*I57,2) -> 5729.6 | L57: =K57/$J$321 -> 0.0066136179 | M57: 105.82
A58: 6.1.2 | B58: 98681 | C58: SINAPI | D58: PISO CIMENTADO, TRAÇO 1:3 (CIMENTO E AREIA), ACABAMENTO RÚSTICO, ESPESSURA 2,0 CM, PREPARO MECÂNICO DA ARGAMASSA. AF_09/2020 | E58: M² | F58: ='Memória de Cálculo'!J217 -> 316.2 | G58: 37.58 | H58: =$K$4 -> 0.2452 | I58: =TRUNC(G58*1.2452,2) -> 46.79 | J58: =TRUNC(F58*G58,2) -> 11882.79 | K58: =TRUNC(F58*I58,2) -> 14794.99 | L58: =K58/$J$321 -> 0.017077704 | M58: 34.15
A59: 6.1.3 | B59: 94995 | C59: SINAPI | D59: EXECUÇÃO DE PASSEIO (CALÇADA) OU PISO DE CONCRETO COM CONCRETO MOLDADO IN LOCO, USINADO, ACABAMENTO CONVENCIONAL, ESPESSURA 8 CM, ARMADO. AF_08/2022 | E59: M² | F59: ='Memória de Cálculo'!J250 -> 204 | G59: 90.27 | H59: =$K$4 -> 0.2452 | I59: =TRUNC(G59*1.2452,2) -> 112.4 | J59: =TRUNC(F59*G59,2) -> 18415.08 | K59: =TRUNC(F59*I59,2) -> 22929.6 | L59: =K59/$J$321 -> 0.0264674 | M59: 90
A60: 6.1.4 | B60: 92396 | C60: SINAPI | D60: EXECUÇÃO DE PASSEIO EM PISO INTERTRAVADO, COM BLOCO RETANGULAR COR NATURAL DE 20 X 10 CM, ESPESSURA 6 CM. AF_10/2022 | E60: M² | F60: ='Memória de Cálculo'!J254 -> 165 | G60: 83.75 | H60: =$K$4 -> 0.2452 | I60: =TRUNC(G60*1.2452,2) -> 104.28 | J60: =TRUNC(F60*G60,2) -> 13818.75 | K60: =TRUNC(F60*I60,2) -> 17206.2 | L60: =K60/$J$321 -> 0.019860938 | M60: 70.5
A61: 6.1.5 | B61: 94273 | C61: SINAPI | D61: ASSENTAMENTO DE GUIA (MEIO-FIO) EM TRECHO RETO, CONFECCIONADA EM CONCRETO PRÉ-FABRICADO, DIMENSÕES 100X15X13X30 CM (COMPRIMENTO X BASE INFERIOR X BASE SUPERIOR X ALTURA). AF_01/2024 | E61: M | F61: ='Memória de Cálculo'!J258 -> 62.1 | G61: 48.67 | H61: =$K$4 -> 0.2452 | I61: =TRUNC(G61*1.2452,2) -> 60.6 | J61: =TRUNC(F61*G61,2) -> 3022.4 | K61: =TRUNC(F61*I61,2) -> 3763.26 | L61: =K61/$J$321 -> 0.004343892 | M61: 66.01
A62: 6.1.6 | B62: ='Memória de Cálculo'!B261 -> 87261 | C62: SINAPI | D62: ='Memória de Cálculo'!D261 -> REVESTIMENTO CERÂMICO PARA PISO COM PLACAS TIPO PORCELANATO DE DIMENSÕES 60X60 CM APLICADA EM AMBIENTES DE ÁREA MENOR QUE 5 M². AF_02/2023_PE | E62: M² | F62: ='Memória de Cálculo'!J269 -> 24.12 | G62: 145.12 | H62: =$K$4 -> 0.2452 | I62: =TRUNC(G62*1.2452,2) -> 180.7 | J62: =TRUNC(F62*G62,2) -> 3500.29 | K62: =TRUNC(F62*I62,2) -> 4358.48 | L62: =K62/$J$321 -> 0.0050309483 | M62: 152.23
A63: 6.1.7 | B63: ='Memória de Cálculo'!B272 -> 87262 | C63: SINAPI | D63: ='Memória de Cálculo'!D272 -> REVESTIMENTO CERÂMICO PARA PISO COM PLACAS TIPO PORCELANATO DE DIMENSÕES 60X60 CM APLICADA EM AMBIENTES DE ÁREA ENTRE 5 M² E 10 M². AF_02/2023_PE | E63: M² | F63: ='Memória de Cálculo'!J283 -> 70.7 | G63: 132.19 | H63: =$K$4 -> 0.2452 | I63: =TRUNC(G63*1.2452,2) -> 164.6 | J63: =TRUNC(F63*G63,2) -> 9345.83 | K63: =TRUNC(F63*I63,2) -> 11637.22 | L63: =K63/$J$321 -> 0.013432722 | M63: 140.52
A64: 6.1.8 | B64: 87263 | C64: SINAPI | D64: ='Memória de Cálculo'!D286 -> REVESTIMENTO CERÂMICO PARA PISO COM PLACAS TIPO PORCELANATO DE DIMENSÕES 60X60 CM APLICADA EM AMBIENTES DE ÁREA MAIOR QUE 10 M². AF_02/2023_PE | E64: M² | F64: ='Memória de Cálculo'!J299 -> 182.65 | G64: 122.09 | H64: =$K$4 -> 0.2452 | I64: =TRUNC(G64*1.2452,2) -> 152.02 | J64: =TRUNC(F64*G64,2) -> 22299.73 | K64: =TRUNC(F64*I64,2) -> 27766.45 | L64: =K64/$J$321 -> 0.032050525 | M64: 132.24
A65: 6.1.9 | B65: 98689 | C65: SINAPI | D65: SOLEIRA EM GRANITO, LARGURA 15 CM, ESPESSURA 2,0 CM. AF_09/2020 | E65: M | F65: ='Memória de Cálculo'!J303 -> 28 | G65: 136.23 | H65: =$K$4 -> 0.2452 | I65: =TRUNC(G65*1.2452,2) -> 169.63 | J65: =TRUNC(F65*G65,2) -> 3814.44 | K65: =TRUNC(F65*I65,2) -> 4749.64 | L65: =K65/$J$321 -> 0.0054824602 | M65: 128.48
A66: 6.1.10 | B66: 101094 | C66: SINAPI | D66: PISO PODOTÁTIL DE ALERTA OU DIRECIONAL, DE BORRACHA, ASSENTADO SOBRE ARGAMASSA. AF_05/2020 | E66: M | F66: ='Memória de Cálculo'!J310 -> 20 | G66: 226.26 | H66: =$K$4 -> 0.2452 | I66: =TRUNC(G66*1.2452,2) -> 281.73 | J66: =TRUNC(F66*G66,2) -> 4525.2 | K66: =TRUNC(F66*I66,2) -> 5634.6 | L66: =K66/$J$321 -> 0.0065039604 | M66: 211.03
A67: 6.1.11 | B67: 103946 | C67: SINAPI | D67: PLANTIO DE GRAMA ESMERALDA OU SÃO CARLOS OU CURITIBANA, EM PLACAS. AF_07/2024 | E67: M² | F67: ='Memória de Cálculo'!J314 -> 210 | G67: 26.84 | H67: =$K$4 -> 0.2452 | I67: =TRUNC(G67*1.2452,2) -> 33.42 | J67: =TRUNC(F67*G67,2) -> 5636.4 | K67: =TRUNC(F67*I67,2) -> 7018.2 | L67: =K67/$J$321 -> 0.0081010355 | M67: 19.27
A68: 6.2 | D68: PAREDE | J68: =SUM(J69:J76) -> 131708.95 | K68: =SUM(K69:K76) -> 163973.95 | L68: =K68/$J$321 -> 0.18927343
A69: 6.2.1 | B69: 87894 | C69: SINAPI | D69: CHAPISCO APLICADO EM ALVENARIA (SEM PRESENÇA DE VÃOS) E ESTRUTURAS DE CONCRETO DE FACHADA, COM COLHER DE PEDREIRO. ARGAMASSA TRAÇO 1:3 COM PREPARO EM BETONEIRA 400L. AF_10/2022 | E69: M² | F69: ='Memória de Cálculo'!J325 -> 262.944 | G69: 7.17 | H69: =$K$4 -> 0.2452 | I69: =TRUNC(G69*1.2452,2) -> 8.92 | J69: =TRUNC(F69*G69,2) -> 1885.3 | K69: =TRUNC(I69*F69,2) -> 2345.46 | L69: =K69/$J$321 -> 0.0027073402 | M69: 6.49
A70: 6.2.2 | B70: 87794 | C70: SINAPI | D70: EMBOÇO OU MASSA ÚNICA EM ARGAMASSA TRAÇO 1:2:8, PREPARO MANUAL, APLICADA MANUALMENTE EM PANOS CEGOS DE FACHADA (SEM PRESENÇA DE VÃOS), ESPESSURA DE 25 MM. AF_09/2022 | E70: M² | F70: ='Memória de Cálculo'!J335 -> 262.944 | G70: 48.64 | H70: =$K$4 -> 0.2452 | I70: =TRUNC(G70*1.2452,2) -> 60.56 | J70: =TRUNC(F70*G70,2) -> 12789.59 | K70: =TRUNC(I70*F70,2) -> 15923.88 | L70: =K70/$J$321 -> 0.01838077 | M70: 43.92
A71: 6.2.3 | B71: C3002 | C71: SEINFRA | D71: PORCELANATO RETIFICADO POLIDO C/ ARG. PRÉ-FABRICADA - P/ PISO | E71: M² | F71: ='Memória de Cálculo'!J368 -> 439.96 | G71: 122.48 | H71: =$K$4 -> 0.2452 | I71: =TRUNC(G71*1.2452,2) -> 152.51 | J71: =TRUNC(F71*G71,2) -> 53886.3 | K71: =TRUNC(I71*F71,2) -> 67098.29 | L71: =K71/$J$321 -> 0.077450861 | M71: 76.96
A72: 6.2.4 | B72: COMPOSIÇÃO 03 | C72: PRÓPRIO | D72: EMASSAMENTO C/MASSA ACRÍLICA PARA AMBIENTES INTERNOS, DUAS DEMÃOS | E72: M² | F72: ='Memória de Cálculo'!J372 -> 875 | G72: =Composições!J44 -> 19.67 | H72: =$K$4 -> 0.2452 | I72: =TRUNC(G72*1.2452,2) -> 24.49 | J72: =TRUNC(F72*G72,2) -> 17211.25 | K72: =TRUNC(I72*F72,2) -> 21428.75 | L72: =K72/$J$321 -> 0.024734984 | O72: =F71+#REF! -> #REF!
A73: 6.2.5 | B73: 88489 | C73: SINAPI | D73: PINTURA LÁTEX ACRÍLICA PREMIUM, APLICAÇÃO MANUAL EM PAREDES, DUAS DEMÃOS. AF_04/2023 | E73: M² | F73: ='Memória de Cálculo'!J381 -> 1850.904 | G73: 14.29 | H73: =$K$4 -> 0.2452 | I73: =TRUNC(G73*1.2452,2) -> 17.79 | J73: =TRUNC(F73*G73,2) -> 26449.41 | K73: =TRUNC(I73*F73,2) -> 32927.58 | L73: =K73/$J$321 -> 0.038007964 | M73: 15.6
A74: 6.2.6 | B74: C1869 | C74: SEINFRA | D74: PEITORIL DE GRANITO L= 15 cm | E74: M | F74: ='Memória de Cálculo'!J386 -> 36.7 | G74: 95.24 | H74: =$K$4 -> 0.2452 | I74: =TRUNC(G74*1.2452,2) -> 118.59 | J74: =TRUNC(F74*G74,2) -> 3495.3 | K74: =TRUNC(I74*F74,2) -> 4352.25 | L74: =K74/$J$321 -> 0.0050237571 | M74: 86.9
A75: 6.2.7 | B75: 95305 | C75: SINAPI | D75: TEXTURA ACRÍLICA, APLICAÇÃO MANUAL EM PAREDE, UMA DEMÃO. AF_04/2023 | E75: M² | F75: ='Memória de Cálculo'!J390 -> 486.44 | G75: 15.22 | H75: =$K$4 -> 0.2452 | I75: =TRUNC(G75*1.2452,2) -> 18.95 | J75: =TRUNC(F75*G75,2) -> 7403.61 | K75: =TRUNC(I75*F75,2) -> 9218.03 | L75: =K75/$J$321 -> 0.010640276 | M75: 14
A76: 6.2.8 | B76: 88485 | C76: SINAPI | D76: FUNDO SELADOR ACRÍLICO, APLICAÇÃO MANUAL EM PAREDE, UMA DEMÃO. AF_04/2023 | E76: M² | F76: ='Memória de Cálculo'!J399 -> 1850.904 | G76: 4.64 | H76: =$K$4 -> 0.2452 | I76: =TRUNC(G76*1.2452,2) -> 5.77 | J76: =TRUNC(F76*G76,2) -> 8588.19 | K76: =TRUNC(I76*F76,2) -> 10679.71 | L76: =K76/$J$321 -> 0.012327479
A77: 6.3 | D77: TETO | J77: =SUM(J78:J80) -> 27237.14 | K77: =SUM(K78:K80) -> 33912.02 | L77: =K77/$J$321 -> 0.039144293
A78: 6.3.1 | B78: 96109 | C78: SINAPI | D78: FORRO EM PLACAS DE GESSO, PARA AMBIENTES RESIDENCIAIS. AF_08/2023_PS | E78: M² | F78: ='Memória de Cálculo'!J404 -> 272.89 | G78: 52.08 | H78: =$K$4 -> 0.2452 | I78: =TRUNC(G78*1.2452,2) -> 64.85 | J78: =TRUNC(F78*G78,2) -> 14212.11 | K78: =TRUNC(F78*I78,2) -> 17696.91 | L78: =K78/$J$321 -> 0.02042736 | M78: 41.29
A79: 6.3.2 | B79: 88496 | C79: SINAPI | D79: EMASSAMENTO COM MASSA LÁTEX, APLICAÇÃO EM TETO, DUAS DEMÃOS, LIXAMENTO MANUAL. AF_04/2023 | E79: M² | F79: ='Memória de Cálculo'!J408 -> 272.89 | G79: 31.06 | H79: =$K$4 -> 0.2452 | I79: =TRUNC(G79*1.2452,2) -> 38.67 | J79: =TRUNC(F79*G79,2) -> 8475.96 | K79: =TRUNC(F79*I79,2) -> 10552.65 | L79: =K79/$J$321 -> 0.012180815 | M79: 26.64
A80: 6.3.3 | B80: 88488 | C80: SINAPI | D80: PINTURA LÁTEX ACRÍLICA PREMIUM, APLICAÇÃO MANUAL EM TETO, DUAS DEMÃOS. AF_04/2023 | E80: M² | F80: ='Memória de Cálculo'!J412 -> 272.89 | G80: 16.67 | H80: =$K$4 -> 0.2452 | I80: =TRUNC(G80*1.2452,2) -> 20.75 | J80: =TRUNC(F80*G80,2) -> 4549.07 | K80: =TRUNC(F80*I80,2) -> 5662.46 | L80: =K80/$J$321 -> 0.0065361189 | M80: 17.53
A81: 7 | D81: ESQUADRIAS | J81: =SUM(J82+J87+J91) -> 63546.3 | K81: =SUM(K82+K87+K91) -> 79127.21 | L81: =K81/$J$321 -> 0.091335718
A82: 7.1 | D82: MADEIRA | J82: =SUM(J83:J86) -> 30836.34 | K82: =SUM(K83:K86) -> 38397.05 | L82: =K82/$J$321 -> 0.044321317
A83: 7.1.1 | B83: C1988 | C83: SEINFRA | D83: PORTA INTERNA DE CEDRO LISA COMPLETA UMA FOLHA (0.90X 2.10)M | E83: UN | F83: ='Memória de Cálculo'!J418 -> 9 | G83: 1052.89 | H83: =$K$4 -> 0.2452 | I83: =TRUNC(G83*1.2452,2) -> 1311.05 | J83: =TRUNC(F83*G83,2) -> 9476.01 | K83: =TRUNC(I83*F83,2) -> 11799.45 | L83: =K83/$J$321 -> 0.013619983 | M83: 881.46
A84: 7.1.2 | B84: C1989 | C84: SEINFRA | D84: PORTA INTERNA DE CEDRO LISA COMPLETA UMA FOLHA (1.00X 2.10)M | E84: UN | F84: ='Memória de Cálculo'!J422 -> 17 | G84: 1075.58 | H84: =$K$4 -> 0.2452 | I84: =TRUNC(G84*1.2452,2) -> 1339.31 | J84: =TRUNC(F84*G84,2) -> 18284.86 | K84: =TRUNC(I84*F84,2) -> 22768.27 | L84: =K84/$J$321 -> 0.026281178 | M84: 908.55
A85: 7.1.3 | B85: C1979 | C85: SEINFRA | D85: PORTA EXTERNA DE CEDRO LISA COMPLETA UMA FOLHA (1.00X2.10)M | E85: UN | F85: ='Memória de Cálculo'!J426 -> 1 | G85: 1013.52 | H85: =$K$4 -> 0.2452 | I85: =TRUNC(G85*1.2452,2) -> 1262.03 | J85: =TRUNC(F85*G85,2) -> 1013.52 | K85: =TRUNC(I85*F85,2) -> 1262.03 | L85: =K85/$J$321 -> 0.0014567481 | M85: 872.25
A86: 7.1.4 | B86: 102219 | C86: SINAPI | D86: PINTURA TINTA DE ACABAMENTO (PIGMENTADA) ESMALTE SINTÉTICO ACETINADO EM MADEIRA, 2 DEMÃOS. AF_01/2021 | E86: M² | F86: ='Memória de Cálculo'!J434 -> 109.62 | G86: 18.81 | H86: =$K$4 -> 0.2452 | I86: =TRUNC(G86*1.2452,2) -> 23.42 | J86: =TRUNC(F86*G86,2) -> 2061.95 | K86: =TRUNC(I86*F86,2) -> 2567.3 | L86: =K86/$J$321 -> 0.0029634078 | M86: 16
A87: 7.2 | D87: ALUMINIO | J87: =SUM(J88:J90) -> 16732.25 | K87: =SUM(K88:K90) -> 20834.76 | L87: =K87/$J$321 -> 0.024049348
A88: 7.2.1 | B88: 94569 | C88: SINAPI | D88: JANELA DE ALUMÍNIO TIPO MAXIM-AR, BATENTE/ REQUADRO 3 A 14 CM, VIDRO INCLUSO, FIXAÇÃO COM PARAFUSO, SEM GUARNIÇÃO/ ALIZAR, DIMENSÕES 60X80 (A X L) CM, SEM ACABAMENTO, VEDAÇÃO COM SILICONE, EXCLUSIVE CONTRAMARCO - FORNECIMENTO E INSTALAÇÃO. AF_11/2024 | E88: M² | F88: ='Memória de Cálculo'!J439 -> 4.2 | G88: 657.94 | H88: =$K$4 -> 0.2452 | I88: =TRUNC(G88*1.2452,2) -> 819.26 | J88: =TRUNC(F88*G88,2) -> 2763.34 | K88: =TRUNC(F88*I88,2) -> 3440.89 | L88: =K88/$J$321 -> 0.0039717837 | M88: 597.56
A89: 7.2.2 | B89: 94570 | C89: SINAPI | D89: JANELA DE ALUMÍNIO DE CORRER COM 2 FOLHAS PARA VIDROS (VIDROS INCLUSOS), BATENTE/ REQUADRO 6 A 14 CM, ACABAMENTO COM ACETATO OU BRILHANTE, FIXAÇÃO COM PARAFUSO, SEM GUARNIÇÃO/ ALIZAR, DIMENSÕES 100X120 CM, VEDAÇÃO COM SILICONE, EXCLUSIVE CONTRAMARCO - FORNECIMENTO E INSTALAÇÃO. AF_11/2024 | E89: M² | F89: ='Memória de Cálculo'!J447 -> 22.56 | G89: 347.63 | H89: =$K$4 -> 0.2452 | I89: =TRUNC(G89*1.2452,2) -> 432.86 | J89: =TRUNC(F89*G89,2) -> 7842.53 | K89: =TRUNC(F89*I89,2) -> 9765.32 | L89: =K89/$J$321 -> 0.011272008 | M89: 307.72
A90: 7.2.3 | B90: 91341 | C90: SINAPI | D90: PORTA EM ALUMÍNIO DE ABRIR TIPO VENEZIANA COM GUARNIÇÃO, FIXAÇÃO COM PARAFUSOS - FORNECIMENTO E INSTALAÇÃO. AF_10/2025 | E90: M² | F90: ='Memória de Cálculo'!J456 -> 10.41 | G90: 588.51 | H90: =$K$4 -> 0.2452 | I90: =TRUNC(G90*1.2452,2) -> 732.81 | J90: =TRUNC(F90*G90,2) -> 6126.38 | K90: =TRUNC(F90*I90,2) -> 7628.55 | L90: =K90/$J$321 -> 0.0088055562 | M90: 689.83
A91: 7.3 | D91: VIDRO | J91: =SUM(J92:J94) -> 15977.71 | K91: =SUM(K92:K94) -> 19895.4 | L91: =K91/$J$321 -> 0.022965054
A92: 7.3.1 | B92: COMPOSIÇÃO 04 | C92: PRÓPRIO | D92: PORTA DE ABRIR COM MOLA HIDRÁULICA, EM VIDRO TEMPERADO COM BANDEIRA FIXA, 1,50X2,10 M, ESPESSURA 10MM, INCLUSIVE ACESSÓRIOS | E92: UN | F92: ='Memória de Cálculo'!J461 -> 1 | G92: =Composições!J52 -> 4581.02 | H92: =$K$4 -> 0.2452 | I92: =TRUNC(G92*1.2452,2) -> 5704.28 | J92: =TRUNC(F92*G92,2) -> 4581.02 | K92: =TRUNC(I92*F92,2) -> 5704.28 | L92: =K92/$J$321 -> 0.0065843913
A93: 7.3.2 | B93: COMPOSIÇÃO 05 | C93: PRÓPRIO | D93: PORTA DE ABRIR COM MOLA HIDRÁULICA, EM VIDRO TEMPERADO COM BANDEIRA FIXA, 1,60X2,10 M, ESPESSURA 10MM, INCLUSIVE ACESSÓRIOS | E93: UN | F93: ='Memória de Cálculo'!J465 -> 1 | G93: =Composições!J61 -> 4783.52 | H93: =$K$4 -> 0.2452 | I93: =TRUNC(G93*1.2452,2) -> 5956.43 | J93: =TRUNC(F93*G93,2) -> 4783.52 | K93: =TRUNC(I93*F93,2) -> 5956.43 | L93: =K93/$J$321 -> 0.0068754454
A94: 7.3.3 | B94: 102235 | C94: SINAPI | D94: DIVISÓRIA FIXA EM VIDRO TEMPERADO 10 MM, SEM ABERTURA. AF_10/2025_PS | E94: M² | F94: ='Memória de Cálculo'!J469 -> 15.2613 | G94: 433.33 | H94: =$K$4 -> 0.2452 | I94: =TRUNC(G94*1.2452,2) -> 539.58 | J94: =TRUNC(F94*G94,2) -> 6613.17 | K94: =TRUNC(I94*F94,2) -> 8234.69 | L94: =K94/$J$321 -> 0.0095052173
A95: 8 | D95: INSTALAÇÕES ELÉTRICAS E DE LÓGICA | J95: =SUM(J96:J173) -> 97142.31 | K95: =SUM(K96:K173) -> 120894.65 | L95: =K95/$J$321 -> 0.13954744
A96: 8.1 | B96: 103782 | C96: SINAPI | D96: LUMINÁRIA TIPO PLAFON CIRCULAR, DE SOBREPOR, COM LED DE 12/13 W - FORNECIMENTO E INSTALAÇÃO. AF_09/2024 | E96: UN | F96: ='Memória de Cálculo'!J479 -> 50 | G96: 33.37 | H96: =$K$4 -> 0.2452 | I96: =TRUNC(G96*1.2452,2) -> 41.55 | J96: =TRUNC(F96*G96,2) -> 1668.5 | K96: =TRUNC(I96*F96,2) -> 2077.5 | L96: =K96/$J$321 -> 0.0023980367 | M96: 39.07
A97: 8.2 | B97: 13148 | C97: ORSE | D97: REFLETOR SLIM LED 100W DE POTÊNCIA BRANCO FRIO, 6500K, AUTOVOLT, MARCA G-LIGHT OU SIMILAR | E97: UN | F97: ='Memória de Cálculo'!J483 -> 11 | G97: 77.95 | H97: =$K$4 -> 0.2452 | I97: =TRUNC(G97*1.2452,2) -> 97.06 | J97: =TRUNC(F97*G97,2) -> 857.45 | K97: =TRUNC(I97*F97,2) -> 1067.66 | L97: =K97/$J$321 -> 0.0012323889 | M97: 307.33
A98: 8.3 | B98: 97598 | C98: SINAPI | D98: SENSOR DE PRESENÇA SEM FOTOCÉLULA, FIXAÇÃO EM TETO - FORNECIMENTO E INSTALAÇÃO. AF_09/2024 | E98: UN | F98: ='Memória de Cálculo'!J487 -> 3 | G98: 62.51 | H98: =$K$4 -> 0.2452 | I98: =TRUNC(G98*1.2452,2) -> 77.83 | J98: =TRUNC(F98*G98,2) -> 187.53 | K98: =TRUNC(I98*F98,2) -> 233.49 | L98: =K98/$J$321 -> 0.00026951509 | M98: 54.66
A99: 8.4 | B99: 92000 | C99: SINAPI | D99: TOMADA BAIXA DE EMBUTIR (1 MÓDULO), 2P+T 10 A, INCLUINDO SUPORTE E PLACA - FORNECIMENTO E INSTALAÇÃO. AF_03/2023 | E99: UN | F99: ='Memória de Cálculo'!J491 -> 9 | G99: 29.85 | H99: =$K$4 -> 0.2452 | I99: =TRUNC(G99*1.2452,2) -> 37.16 | J99: =TRUNC(F99*G99,2) -> 268.65 | K99: =TRUNC(I99*F99,2) -> 334.44 | L99: =K99/$J$321 -> 0.00038604063 | M99: 30.21
A100: 8.5 | B100: 92009 | C100: SINAPI | D100: TOMADA BAIXA DE EMBUTIR (2 MÓDULOS), 2P+T 20 A, INCLUINDO SUPORTE E PLACA - FORNECIMENTO E INSTALAÇÃO. AF_03/2023 | E100: UN | F100: ='Memória de Cálculo'!J495 -> 2 | G100: 49.55 | H100: =$K$4 -> 0.2452 | I100: =TRUNC(G100*1.2452,2) -> 61.69 | J100: =TRUNC(F100*G100,2) -> 99.1 | K100: =TRUNC(I100*F100,2) -> 123.38 | L100: =K100/$J$321 -> 0.00014241626 | M100: 51.66
...

Sheet Memória de Cálculo
C1: PREFEITURA MUNICIPAL DE GOIANA
A2: SECRETARIA DE SAÚDE
A3: OBRA: | C3: =ORÇAMENTO!C4:J4 -> CONTRATAÇÃO DE EMPRESA ESPECIALIZADA PARA EXECUÇÃO DOS SERVIÇOS REMANESCENTES E COMPLEMENTARES VISANDO À RETOMADA E CONCLUSÃO DA OBRA DE CONSTRUÇÃO DA UNIDADE BÁSICA DE SAÚDE – UBS MALVINAS | I3: BDI: | J3: 0.2452
B4: ENDEREÇO: | C4: LOTEAMENTO GULANDIM S/N, MALVINAS, DISTRITO DE PONTA DE PEDRAS, MUNICIPIO DE GOIANA - PE. | I4: BDI DIFERENCIADO: | J4: 0.1632
A5: DATA: | C5: FEVEREIRO DE 2026
A6: TABELAS DE REFER: | C6: =ORÇAMENTO!C7:J7 -> SINAPI - JANEIRO 2026 (DESONERADA) , ORSE - I DEZ/2025 e SEINFRA - 028.1
A7: MEMORIA DE CALCULO
A8: 1 | D8: SERVIÇOS PRELIMINARES
A9: Item | B9: Código | C9: Banco | D9: Descrição | E9: Und | F9: Quant. | G9: Comprimento | H9: Largura | I9: Altura | J9: Total
A10: 1.1 | B10: =ORÇAMENTO!B11 -> 103689 | C10: =ORÇAMENTO!C11 -> SINAPI | D10: =ORÇAMENTO!D11 -> FORNECIMENTO E INSTALAÇÃO DE PLACA DE OBRA COM CHAPA GALVANIZADA E ESTRUTURA DE MADEIRA. AF_03/2022_PS | E10: M²
D11: MEDIDA DA PLACA, PADRÃO MINISTÉRIO DA SAÚDE | G11: 3 | I11: 1.5 | J11: =ROUND(G11*I11,2) -> 4.5
A13: Item | B13: Código | C13: Banco | D13: Descrição | E13: Und | F13: Quant. | G13: Comprimento | H13: Largura | I13: Altura | J13: Total | L13: 8.8
A14: 1.2 | B14: =ORÇAMENTO!B12 -> C4995 | C14: =ORÇAMENTO!C12 -> SEINFRA | D14: =ORÇAMENTO!D12 -> LOCAÇÃO DE CONTÊINER BANHEIRO COM 02 VASOS SANITÁRIOS, 01 LAVATÓRIO E 04 CHUVEIROS - 6,00 X 2,35M | E14: MÊS | L14: 11.2
F15: 6 | J15: =F15 -> 6 | L15: 6.1
A17: Item | B17: Código | C17: Banco | D17: Descrição | E17: Und | F17: Quant. | I17: Altura | J17: Total
A18: =ORÇAMENTO!A13 -> 1.3 | B18: =ORÇAMENTO!B13 -> 94319 | C18: =ORÇAMENTO!C13 -> SINAPI | D18: =ORÇAMENTO!D13 -> ATERRO MANUAL DE VALAS COM SOLO ARGILO-ARENOSO. AF_08/2023 | E18: M³
D19: - ÁREA A SER ATERRADA (LATERAIS DA BALDRAME QUE ESTA DESCOBERTA MAIS LATERAL DO PR[EDIO) | F19: AREA 1 | G19: 115 | I19: 0.4 | J19: =G19*I19 -> 46
F20: AREA 2 | G20: 35 | I20: 0.4 | J20: =G20*I20 -> 14
D21: EMPOLAMENTO | F21: 0.3 | J21: =(J19+J20)*1.3 -> 78
A23: Item | B23: Código | C23: Banco | D23: Descrição | E23: Und | F23: Quant. | G23: Comprimento | H23: Largura | I23: Altura | J23: Total
A24: 1.4 | B24: 98459 | C24: =ORÇAMENTO!C23 -> PRÓPRIO | D24: TAPUME COM TELHA METÁLICA. AF_03/2024 | E24: M²
D25: ÁREA A RECEBER NOVO TAPUME APÓS RETIRADA DO TAPUME DETERIORADO (CONSIDERANDO MURO EXTERNO AGORA EXISTENTE) | G25: 55 | I25: 2.2 | J25: =G25*I25 -> 121 | K25: =J25/2.2 -> 55
A27: Item | B27: Código | C27: Banco | D27: Descrição | E27: Und | F27: Quant. | G27: Comprimento | H27: Largura | I27: Altura | J27: Total
A28: 1.5 | B28: 97637 | C28: SINAPI | D28: REMOÇÃO DE TAPUME/ CHAPAS METÁLICAS E DE MADEIRA, DE FORMA MANUAL, SEM REAPROVEITAMENTO. AF_09/2023 | E28: M²
D29: ÁREA A RECEBER NOVO TAPUME APÓS RETIRADA DO TAPUME DETERIORADO (CONSIDERANDO MURO EXTERNO AGORA EXISTENTE) | F29: 100 | G29: 55 | I29: 2.2 | J29: =G29*I29 -> 121
A31: Item | B31: Código | C31: Banco | D31: Descrição | E31: Und | F31: Quant. | G31: Comprimento | H31: Largura | I31: Altura | J31: Total
A32: 1.6 | B32: =ORÇAMENTO!B16 -> C2851 | C32: SEINFRA | D32: INSTALAÇÕES PROVISÓRIAS DE ÁGUA | E32: UN
F33: 1 | J33: 1
A35: Item | B35: Código | C35: Banco | D35: Descrição | E35: Und | F35: Quant. | G35: Comprimento | H35: Largura | I35: Altura | J35: Total
A36: 1.7 | B36: =ORÇAMENTO!B17 -> C2849 | C36: SEINFRA | D36: =ORÇAMENTO!D17 -> INSTALAÇÕES PROVISÓRIAS DE ESGOTO | E36: UN
F37: 1 | J37: 1
A39: Item | B39: Código | C39: Banco | D39: Descrição | E39: Und | F39: Quant. | G39: Comprimento | H39: Largura | I39: Altura | J39: Total
A40: 1.7 | B40: =ORÇAMENTO!B21 -> 90778 | C40: SEINFRA | D40: =ORÇAMENTO!D18 -> RASPAGEM E LIMPEZA DO TERRENO | E40: M²
D41: ÁREA DO TERRENO | E41: 958.1 | J41: =E41-E42 -> 607.63
D42: ÁREA CONSTRUÍDA | E42: 350.47
A44: 2 | D44: ADMINISTRAÇÃO LOCAL
A45: Item | B45: Código | C45: Banco | D45: Descrição | E45: Und | F45: Quant. | G45: Dias | H45: Mês | J45: Total
A46: 2.1 | B46: =ORÇAMENTO!B20 -> 90776 | C46: SINAPI | D46: =ORÇAMENTO!D20 -> ENCARREGADO GERAL COM ENCARGOS COMPLEMENTARES | E46: H
D47: CARGO HORARIA - PARA 6 MESES | F47: 8 | G47: 22 | H47: 6 | J47: =ROUND(F47*G47*H47,2) -> 1056
A49: Item | B49: Código | C49: Banco | D49: Descrição | E49: Und | F49: Quant. | G49: Dias | H49: Mês | J49: Total
A50: 2.2 | B50: =ORÇAMENTO!B21 -> 90778 | C50: SINAPI | D50: =ORÇAMENTO!D21 -> ENGENHEIRO CIVIL DE OBRA PLENO COM ENCARGOS COMPLEMENTARES | E50: H
D51: CARGO HORARIA - PARA 6 MESES | F51: 2 | G51: 22 | H51: 6 | J51: =ROUND(F51*G51*H51,2) -> 264
A53: 3 | D53: ESTRUTURAS METÁLICAS
A54: Item | B54: Código | C54: Banco | D54: Descrição | E54: Und | F54: Quant. | G54: Comprimento | H54: Largura | I54: Altura | J54: Total
A55: 3.1 | B55: =ORÇAMENTO!B23 -> COMPOSIÇÃO 01 | C55: PRÓPRIO | D55: VIGA METÁLICA EM PERFIL LAMINADO OU SOLDADO EM AÇO ESTRUTURAL, COM CONEXÕES SOLDADAS, INCLUSOS MÃO DE OBRA, TRANSPORTE E IÇAMENTO UTILIZANDO GUINDASTE - FORNECIMENTO E INSTALAÇÃO. | E55: KG
D56: MARQUISE | F56: Seção | G56: Comprimento | H56: Peso exp. Aço Astm A 572 | I56: Quantidade
D57: W250X38.5 | F57: 0.00496 | G57: 3.49 | H57: 8000 | I57: 2 | J57: =F57*G57*H57*I57 -> 276.9664
D58: W250X38.5 | F58: 0.00496 | G58: 5.99 | H58: 8000 | I58: 2 | J58: =F58*G58*H58*I58 -> 475.3664
D60: L - 1.1/2'' | F60: 3.48 | G60: 3.49 | I60: 2 | J60: =F60*G60*I60 -> 24.2904
D61: L - 1.1/2'' | F61: 3.48 | G61: 5.99 | I61: 5 | J61: =F61*G61*I61 -> 104.226
D62: 1 1/4" | F62: 6.21 | G62: 4.6 | I62: 2 | J62: =F62*G62*I62 -> 57.132
D63: COBERTA ÁREA DE CONVIVÊNCIA
D64: W250X38.5 | F64: 0.00496 | G64: 5 | H64: 8000 | I64: 4 | J64: =F64*G64*H64*I64 -> 793.6
D65: W250X38.5 | F65: 0.00496 | G65: 6.89 | H65: 8000 | I65: 5 | J65: =F65*G65*H65*I65 -> 1366.976
H68: TOTAL | J68: =J57+J58+J60+J61+J62+J64+J65 -> 3098.5572
A70: Item | B70: Código | C70: Banco | D70: Descrição | E70: Und | F70: Quant. | G70: Comprimento | H70: Largura | I70: Altura | J70: Total
A71: 3.2 | B71: =ORÇAMENTO!B24 -> COMPOSIÇÃO 02 | C71: PRÓPRIO | D71: =ORÇAMENTO!D24 -> PILAR METÁLICO PERFIL LAMINADO OU SOLDADO EM AÇO ESTRUTURAL, COM CONEXÕES SOLDADAS, INCLUSOS MÃO DE OBRA, TRANSPORTE E IÇAMENTO UTILIZANDO GUINDASTE - FORNECIMENTO E INSTALAÇÃO. | E71: KG
F72: Seção | G72: Altura | H72: Peso exp. Aço Astm A 572 | I72: Quantidade
D73: W250X38.5 | F73: 0.00496 | G73: 2.8 | H73: 8000 | I73: 4 | J73: =F73*G73*H73*I73 -> 444.416
A75: Item | B75: Código | C75: Banco | D75: Descrição | E75: Und | F75: Quant. | G75: Comprimento | H75: Largura | I75: Altura | J75: Total
A76: 3.3 | B76: =ORÇAMENTO!B25 -> 95108 | C76: SINAPI | D76: =ORÇAMENTO!D25 -> EXECUÇÃO DE PROTEÇÃO DA CABEÇA DO TIRANTE COM USO DE FÔRMAS METÁLICAS, 50 UTILIZAÇÕES, E CONCRETO FCK =15 MPA. AF_11/2023 | E76: UN
D77: QUANTIDADE DE ACORDO COM O PROJETO ESTRUTURAL | F77: 2 | J77: =F77 -> 2
A79: Item | B79: Código | C79: Banco | D79: Descrição | E79: Und | F79: Quant. | G79: Comprimento | H79: Largura | I79: Altura | J79: Total
A80: 3.4 | B80: =ORÇAMENTO!B26 -> 1332 | C80: SINAPI - I | D80: =ORÇAMENTO!D26 -> CHAPA DE ACO GROSSA, ASTM A36, E = 3/8 " (9,53 MM) 74,69 KG/M² | E80: KG
D81: QUANTIDADE DE ACORDO COM O PROJETO ESTRUTURAL | F81: 6.96 | J81: =F81 -> 6.96
A83: Item | B83: Código | C83: Banco | D83: Descrição | E83: Und | F83: Quant. | G83: Comprimento | H83: Largura | I83: Altura | J83: Total
A84: 3.5 | B84: =ORÇAMENTO!B27 -> 1334 | C84: SINAPI - I | D84: =ORÇAMENTO!D27 -> CHAPA DE ACO GROSSA, ASTM A36, E = 5/8 " (15,88 MM) 124,49 KG/M² | E84: KG
D85: QUANTIDADE DE ACORDO COM O PROJETO ESTRUTURAL | F85: 45.28 | J85: =F85 -> 45.28
A87: Item | B87: Código | C87: Banco | D87: Descrição | E87: Und | F87: Quant. | G87: Comprimento | H87: Largura | I87: Altura | J87: Total
A88: 3.6 | B88: =ORÇAMENTO!B28 -> 11962 | C88: SINAPI - I | D88: =ORÇAMENTO!D28 -> PARAFUSO ZINCADO, SEXTAVADO, COM ROSCA INTEIRA, DIAMETRO 1/4", COMPRIMENTO 1/2" | E88: UN
D89: QUANTIDADE DE ACORDO COM O PROJETO ESTRUTURAL | F89: 32 | J89: =F89 -> 32
A91: Item | B91: Código | C91: Banco | D91: Descrição | E91: Und | F91: Quant. | G91: Comprimento | H91: Largura | I91: Altura | J91: Total
A92: 3.7 | B92: =ORÇAMENTO!B29 -> 4332 | C92: SINAPI - I | D92: =ORÇAMENTO!D29 -> PARAFUSO ZINCADO, SEXTAVADO, COM ROSCA INTEIRA, DIAMETRO 3/8", COMPRIMENTO 2" | E92: UN
D93: QUANTIDADE DE ACORDO COM O PROJETO ESTRUTURAL | F93: 396 | J93: =F93 -> 396
A95: Item | B95: Código | C95: Banco | D95: Descrição | E95: Und | F95: Quant. | G95: Comprimento | H95: Largura | I95: Altura | J95: Total
A96: 3.8 | B96: =ORÇAMENTO!B30 -> 4346 | C96: SINAPI - I | D96: =ORÇAMENTO!D30 -> PARAFUSO DE FERRO POLIDO, SEXTAVADO, COM ROSCA PARCIAL, DIAMETRO 5/8", COMPRIMENTO 6", COM PORCA E ARRUELA DE PRESSAO MEDIA | E96: UN
D97: QUANTIDADE DE ACORDO COM O PROJETO ESTRUTURAL | F97: 56 | J97: =F97 -> 56
A99: Item | B99: Código | C99: Banco | D99: Descrição | E99: Und | F99: Quant. | G99: Comprimento | H99: Largura | I99: Altura | J99: Total
A100: 3.9 | B100: =ORÇAMENTO!B31 -> 13246 | C100: SINAPI - I | D100: =ORÇAMENTO!D31 -> PARAFUSO DE FERRO POLIDO, SEXTAVADO, COM ROSCA INTEIRA, DIAMETRO 5/16", COMPRIMENTO 3/4", COM PORCA E ARRUELA LISA LEVE | E100: UN
D101: QUANTIDADE DE ACORDO COM O PROJETO ESTRUTURAL | F101: 48 | J101: =F101 -> 48
A103: Item | B103: Código | C103: Banco | D103: Descrição | E103: Und | F103: Quant. | G103: Comprimento | H103: Largura | I103: Altura | J103: Total
A104: 3.10 | B104: =ORÇAMENTO!B32 -> 104878 | C104: SINAPI | D104: =ORÇAMENTO!D32 -> EXECUÇÃO DE LONGARINA, PARA TIRANTES PERMANENTES, COM PERFIL METÁLICO, INCLUINDO CUNHA E SOLIDARIZAÇÃO. AF_11/2023 | E104: UN
D105: QUANTIDADE DE ACORDO COM O PROJETO ESTRUTURAL | F105: 2 | J105: =F105 -> 2
A107: 4 | D107: ALVENARIA - VEDAÇÃO E MURO EXTERNO
A108: Item | B108: Código | C108: Banco | D108: Descrição | E108: Und | F108: Quant. | G108: Comprimento | H108: Largura | I108: Altura | J108: Total
A109: 4.1 | B109: =ORÇAMENTO!B32 -> 104878 | C109: SINAPI | D109: =ORÇAMENTO!D34 -> ALVENARIA DE VEDAÇÃO DE BLOCOS CERÂMICOS FURADOS NA VERTICAL DE 14X19X29 CM (ESPESSURA 14 CM) E ARGAMASSA DE ASSENTAMENTO COM PREPARO EM BETONEIRA. AF_12/2021 | E109: M²
D110: QUANTIDADE DE ACORDO COM O PROJETO ARQUITETÔNICO
D111: ÁREA EXTERNA (MURO) FECHAMENTO DA LATERAL ESQUERDA | G111: 7.7 | H111: 2.2 | J111: =G111*H111 -> 16.94
D112: EMBASAMENTO | J112: 7.7
D113: PLATIBANDA A SER FEITA NO NÍVEL DA CAIXA DÁGUA | G113: 14 | H113: 2.5 | J113: =G113*H113 -> 35
J114: =J111+J112+J113 -> 59.64
A116: Item | B116: Código | C116: Banco | D116: Descrição | E116: Und | F116: Quant. de pilares | G116: Comprimento | H116: Largura | I116: Altura | J116: Total
A117: 4.2 | B117: =ORÇAMENTO!B35 -> 90082 | C117: SINAPI | D117: =ORÇAMENTO!D35 -> ESCAVAÇÃO MECANIZADA DE VALA COM PROF. ATÉ 1,5 M (MÉDIA MONTANTE E JUSANTE/UMA COMPOSIÇÃO POR TRECHO), ESCAVADEIRA (0,8 M3), LARG. DE 1,5 M A 2,5 M, EM SOLO DE 1A CATEGORIA, EM LOCAIS COM ALTO NÍVEL DE INTERFERÊNCIA. AF_09/2024 | E117: M³
D118: QUANTIDADE DE ACORDO COM O PROJETO ESTRUTURAL | F118: 8 | G118: 0.4 | H118: 0.4 | I118: 0.4 | J118: =F118*G118*H118*I118 -> 0.512
A120: Item | B120: Código | C120: Banco | D120: Descrição | E120: Und | F120: Quant. | G120: Comprimento | H120: Largura | I120: Altura | J120: Total
A121: 4.3 | B121: =ORÇAMENTO!B36 -> 96619 | C121: SINAPI | D121: =ORÇAMENTO!D36 -> LASTRO DE CONCRETO MAGRO, APLICADO EM BLOCOS DE COROAMENTO OU SAPATAS, ESPESSURA DE 5 CM. AF_01/2024 | E121: =ORÇAMENTO!E36 -> M²
D122: QUANTIDADE DE ACORDO COM O PROJETO ESTRUTURAL | G122: 6 | H122: 0.3 | J122: =(G122*H122)+I123 -> 3.08
F123: 8 | G123: 0.4 | H123: 0.4 | I123: =H123*G123*F123 -> 1.28
A124: Item | B124: Código | C124: Banco | D124: Descrição | E124: Und | F124: Quant. | G124: Comprimento | H124: Largura | I124: Altura | J124: Total
A125: 4.4 | B125: =ORÇAMENTO!B37 -> 96543 | C125: SINAPI | D125: =ORÇAMENTO!D37 -> ARMAÇÃO DE BLOCO UTILIZANDO AÇO CA-60 DE 5 MM - MONTAGEM. AF_01/2024 | E125: =ORÇAMENTO!E37 -> KG
...

Sheet Composições
C1: PREFEITURA MUNICIPAL DE GOIANA
A2: SECRETARIA DE OBRAS
A3: OBRA: | C3: =ORÇAMENTO!C4:J4 -> CONTRATAÇÃO DE EMPRESA ESPECIALIZADA PARA EXECUÇÃO DOS SERVIÇOS REMANESCENTES E COMPLEMENTARES VISANDO À RETOMADA E CONCLUSÃO DA OBRA DE CONSTRUÇÃO DA UNIDADE BÁSICA DE SAÚDE – UBS MALVINAS | I3: BDI: | J3: 0.2452
B4: ENDEREÇO: | C4: LOTEAMENTO GULANDIM S/N, MALVINAS, DISTRITO DE PONTA DE PEDRAS, MUNICIPIO DE GOIANA - PE. | I4: BDI DIFERENCIADO: | J4: 0.1632
A5: DATA: | C5: FEVEREIRO DE 2026
A6: TABELAS DE REFER: | C6: =ORÇAMENTO!C7:J7 -> SINAPI - JANEIRO 2026 (DESONERADA) , ORSE - I DEZ/2025 e SEINFRA - 028.1
A7: COMPOSIÇÕES
A10: 3.1 | B10: Código | C10: Banco | D10: COMPOSIÇÃO 01 | E10: Tipo | G10: Und | H10: Quant. | I10: Valor Unit | J10: Total
D11: VIGA METÁLICA EM PERFIL LAMINADO OU SOLDADO EM AÇO ESTRUTURAL, COM CONEXÕES SOLDADAS, INCLUSOS MÃO DE OBRA, TRANSPORTE E IÇAMENTO UTILIZANDO GUINDASTE - FORNECIMENTO E INSTALAÇÃO. | E11: SEDI - SERVIÇOS DIVERSOS | G11: UN | H11: 1 | J11: =J22 -> 18.81
A12: Composição Auxiliar | B12: 88240 | C12: SINAPI | D12: AJUDANTE DE ESTRUTURA METÁLICA COM ENCARGOS COMPLEMENTARES | E12: SEDI - SERVIÇOS DIVERSOS | G12: H | H12: 0.0044 | I12: 22.7 | J12: =TRUNC(H12*I12,2) -> 0.09 | K12: 32.23
A13: Composição Auxiliar | B13: 88278 | C13: SINAPI | D13: MONTADOR DE ESTRUTURAS METÁLICAS COM ENCARGOS COMPLEMENTARES | E13: SEDI - SERVIÇOS DIVERSOS | G13: H | H13: 0.014 | I13: 21.34 | J13: =TRUNC(H13*I13,2) -> 0.29 | K13: 34.81
A14: Composição Auxiliar | B14: 88317 | C14: SINAPI | D14: SOLDADOR COM ENCARGOS COMPLEMENTARES | E14: SEDI - SERVIÇOS DIVERSOS | G14: H | H14: 0.0181 | I14: 29.39 | J14: =TRUNC(H14*I14,2) -> 0.53 | K14: 40.05
A15: Composição Auxiliar | B15: 93287 | C15: SINAPI | D15: GUINDASTE HIDRÁULICO AUTOPROPELIDO, COM LANÇA TELESCÓPICA 40 M, CAPACIDADE MÁXIMA 60 T, POTÊNCIA 260 KW - CHP DIURNO. AF_03/2016 | E15: CHOR - CUSTOS HORÁRIOS DE MÁQUINAS E EQUIPAMENTOS | G15: CHP | H15: 0.004 | I15: 355.72 | J15: =TRUNC(H15*I15,2) -> 1.42 | K15: 358.7
A16: Composição Auxiliar | B16: 93288 | C16: SINAPI | D16: GUINDASTE HIDRÁULICO AUTOPROPELIDO, COM LANÇA TELESCÓPICA 40 M, CAPACIDADE MÁXIMA 60 T, POTÊNCIA 260 KW - CHI DIURNO. AF_03/2016 | E16: CHOR - CUSTOS HORÁRIOS DE MÁQUINAS E EQUIPAMENTOS | G16: CHI | H16: 0.0037 | I16: 181.17 | J16: =TRUNC(H16*I16,2) -> 0.67 | K16: 185.97
A17: Composição Auxiliar | B17: 100716 | C17: SINAPI | D17: JATEAMENTO ABRASIVO COM GRANALHA DE AÇO EM PERFIL METÁLICO EM FÁBRICA. AF_01/2020 | E17: CHOR - CUSTOS HORÁRIOS DE MÁQUINAS E EQUIPAMENTOS | G17: M² | H17: 0.0358 | I17: 24.27 | J17: =TRUNC(H17*I17,2) -> 0.86 | K17: 25.41
A18: Composição Auxiliar | B18: 100719 | C18: SINAPI | D18: PINTURA COM TINTA ALQUÍDICA DE FUNDO (TIPO ZARCÃO) PULVERIZADA SOBRE PERFIL METÁLICO EXECUTADO EM FÁBRICA (POR DEMÃO). AF_01/2020_PE | E18: CHOR - CUSTOS HORÁRIOS DE MÁQUINAS E EQUIPAMENTOS | G18: M² | H18: 0.033 | I18: 13.77 | J18: =TRUNC(H18*I18,2) -> 0.45 | K18: 13.29
A19: Insumo | B19: I8231 | C19: SEINFRA - I | D19: CANTONEIRA EM AÇO (6 x 6 x 1/2") | E19: Material | G19: KG | H19: 0.030548 | I19: 9.23 | J19: =TRUNC(H19*I19,2) -> 0.28 | K19: 8.02
A20: Insumo | B20: 10997 | C20: SINAPI - I | D20: ELETRODO REVESTIDO AWS - E7018, DIAMETRO IGUAL A 4,00 MM | E20: Material | G20: KG | H20: 0.0015 | I20: 29.05 | J20: =TRUNC(H20*I20,2) -> 0.04 | K20: 29.05
A21: Insumo | B21: I8685 | C21: SEINFRA - I | D21: PERFIL METÁLICO "I" OU "H" | E21: Material | G21: KG | H21: 1.091 | I21: 13 | J21: =TRUNC(H21*I21,2) -> 14.18 | K21: 10
H22: TOTAL | J22: =SUM(J12:J21) -> 18.81
A24: 3.2 | B24: Código | C24: Banco | D24: COMPOSIÇÃO 02 | E24: Tipo | G24: Und | H24: Quant. | I24: Valor Unit | J24: Total
D25: PILAR METÁLICO PERFIL LAMINADO OU SOLDADO EM AÇO ESTRUTURAL, COM CONEXÕES SOLDADAS, INCLUSOS MÃO DE OBRA, TRANSPORTE E IÇAMENTO UTILIZANDO GUINDASTE - FORNECIMENTO E INSTALAÇÃO. | E25: SEDI - SERVIÇOS DIVERSOS | G25: UN | H25: 1 | J25: =J36 -> 20.47
A26: Composição Auxiliar | B26: 88240 | C26: SINAPI | D26: AJUDANTE DE ESTRUTURA METÁLICA COM ENCARGOS COMPLEMENTARES | E26: SEDI - SERVIÇOS DIVERSOS | G26: H | H26: 0.0044 | I26: 22.7 | J26: =TRUNC(H26*I26,2) -> 0.09
A27: Composição Auxiliar | B27: 88278 | C27: SINAPI | D27: MONTADOR DE ESTRUTURAS METÁLICAS COM ENCARGOS COMPLEMENTARES | E27: SEDI - SERVIÇOS DIVERSOS | G27: H | H27: 0.014 | I27: 21.34 | J27: =TRUNC(H27*I27,2) -> 0.29
A28: Composição Auxiliar | B28: 88317 | C28: SINAPI | D28: SOLDADOR COM ENCARGOS COMPLEMENTARES | E28: SEDI - SERVIÇOS DIVERSOS | G28: H | H28: 0.0181 | I28: 29.39 | J28: =TRUNC(H28*I28,2) -> 0.53
A29: Composição Auxiliar | B29: 93287 | C29: SINAPI | D29: GUINDASTE HIDRÁULICO AUTOPROPELIDO, COM LANÇA TELESCÓPICA 40 M, CAPACIDADE MÁXIMA 60 T, POTÊNCIA 260 KW - CHP DIURNO. AF_03/2016 | E29: CHOR - CUSTOS HORÁRIOS DE MÁQUINAS E EQUIPAMENTOS | G29: CHP | H29: 0.004 | I29: 355.72 | J29: =TRUNC(H29*I29,2) -> 1.42
A30: Composição Auxiliar | B30: 93288 | C30: SINAPI | D30: GUINDASTE HIDRÁULICO AUTOPROPELIDO, COM LANÇA TELESCÓPICA 40 M, CAPACIDADE MÁXIMA 60 T, POTÊNCIA 260 KW - CHI DIURNO. AF_03/2016 | E30: CHOR - CUSTOS HORÁRIOS DE MÁQUINAS E EQUIPAMENTOS | G30: CHI | H30: 0.0037 | I30: 181.17 | J30: =TRUNC(H30*I30,2) -> 0.67
A31: Composição Auxiliar | B31: 100716 | C31: SINAPI | D31: JATEAMENTO ABRASIVO COM GRANALHA DE AÇO EM PERFIL METÁLICO EM FÁBRICA. AF_01/2020 | E31: CHOR - CUSTOS HORÁRIOS DE MÁQUINAS E EQUIPAMENTOS | G31: M² | H31: 0.0358 | I31: 24.27 | J31: =TRUNC(H31*I31,2) -> 0.86
A32: Composição Auxiliar | B32: 100719 | C32: SINAPI | D32: PINTURA COM TINTA ALQUÍDICA DE FUNDO (TIPO ZARCÃO) PULVERIZADA SOBRE PERFIL METÁLICO EXECUTADO EM FÁBRICA (POR DEMÃO). AF_01/2020_PE | E32: CHOR - CUSTOS HORÁRIOS DE MÁQUINAS E EQUIPAMENTOS | G32: M² | H32: 0.033 | I32: 13.77 | J32: =TRUNC(H32*I32,2) -> 0.45
A33: Insumo | B33: 1333 | C33: SINAPI - I | D33: CHAPA DE ACO GROSSA, ASTM A36, E = 1/2" (12,70 MM) 99,59 KG/M2 | E33: Material | G33: KG | H33: 0.030548 | I33: 7.99 | J33: =TRUNC(H33*I33,2) -> 0.24 | K33: 7.99
A34: Insumo | B34: 10997 | C34: SINAPI - I | D34: ELETRODO REVESTIDO AWS - E7018, DIAMETRO IGUAL A 4,00 MM | E34: Material | G34: KG | H34: 0.060005 | I34: 29.05 | J34: =TRUNC(H34*I34,2) -> 1.74
A35: Insumo | B35: I8685 | C35: SEINFRA - I | D35: PERFIL METÁLICO "I" OU "H" | E35: Material | G35: KG | H35: 1.091 | I35: 13 | J35: =TRUNC(H35*I35,2) -> 14.18
H36: TOTAL | J36: =SUM(J26:J35) -> 20.47
A38: 6.2.4 | B38: Código | C38: Banco | D38: COMPOSIÇÃO 03 | E38: Tipo | G38: Und | H38: Quant. | I38: Valor Unit | J38: Total
D39: EMASSAMENTO C/MASSA ACRÍLICA PARA AMBIENTES INTERNOS, DUAS DEMÃOS | E39: PARE - PAREDES/PAINEIS | G39: M² | H39: 1 | J39: =J44 -> 19.67 | M39: =SUM(M40:M43) -> 23.63 | P39: =ORÇAMENTO!#REF! -> #REF! | R39: =IF(P39-J39=0,"ok","erro") -> #REF!
A40: Composição Auxiliar | B40: 88310 | C40: SINAPI | D40: PINTOR COM ENCARGOS COMPLEMENTARES | E40: SEDI - SERVIÇOS DIVERSOS | G40: H | H40: 0.35 | I40: 29.81 | J40: =TRUNC(H40*I40,2) -> 10.43 | L40: 16.43 | M40: =ROUND(H40*L40,2) -> 5.75
A41: Composição Auxiliar | B41: 88316 | C41: SINAPI | D41: SERVENTE COM ENCARGOS COMPLEMENTARES | E41: SEDI - SERVIÇOS DIVERSOS | G41: H | H41: 0.25 | I41: 22.98 | J41: =TRUNC(H41*I41,2) -> 5.74 | L41: 20.21 | M41: =ROUND(H41*L41,2) -> 5.05
A42: Insumo | B42: 3767 | C42: SINAPI - I | D42: LIXA EM FOLHA PARA PAREDE OU MADEIRA, NUMERO 120, COR VERMELHA | E42: Material | G42: UN | H42: 0.5 | I42: 0.81 | J42: =TRUNC(H42*I42,2) -> 0.4 | L42: 25.66 | M42: =ROUND(H42*L42,2) -> 12.83
A43: Insumo | B43: 43651 | C43: SINAPI - I | D43: MASSA ACRILICA PARA SUPERFICIES INTERNAS E EXTERNAS | E43: Material | G43: kg | H43: 0.72 | I43: 4.31 | J43: =TRUNC(H43*I43,2) -> 3.1
H44: TOTAL | J44: =SUM(J40:J43) -> 19.67
A45: 7.3.1 | B45: Código | C45: Banco | D45: COMPOSIÇÃO 04 | E45: Tipo | G45: Und | H45: Quant. | I45: Valor Unit | J45: Total
D46: PORTA DE ABRIR COM MOLA HIDRÁULICA, EM VIDRO TEMPERADO COM BANDEIRA FIXA, 1,50X2,10 M, ESPESSURA 10MM, INCLUSIVE ACESSÓRIOS | E46: ESQV - ESQUADRIAS/FERRAGENS/VIDROS | G46: UN | H46: 1 | J46: =J52 -> 4581.02
A47: Composição Auxiliar | B47: 88325 | C47: SINAPI | D47: VIDRACEIRO COM ENCARGOS COMPLEMENTARES | E47: SEDI - SERVIÇOS DIVERSOS | G47: H | H47: 3.253 | I47: 23.07 | J47: =TRUNC(H47*I47,2) -> 75.04
A48: Composição Auxiliar | B48: 88316 | C48: SINAPI | D48: SERVENTE COM ENCARGOS COMPLEMENTARES | E48: SEDI - SERVIÇOS DIVERSOS | G48: H | H48: 3.162 | I48: 22.98 | J48: =TRUNC(H48*I48,2) -> 72.66
A49: Insumo | B49: 3104 | C49: SINAPI - I | D49: CONJ. DE FERRAGENS PARA PORTA DE VIDRO TEMPERADO, EM ZAMAC CROMADO,CONTEMPLANDO DOBRADICA INF., DOBRADICA SUP., PIVO PARA DOBRADICA INF., PIVO PARA DOBRADICA SUP., FECHADURA CENTRAL EM ZAMC. CROMADO, CONTRA FECHADURA DE PRESSAO | E49: Material | G49: CJ | H49: 1 | I49: 197.96 | J49: =TRUNC(H49*I49,2) -> 197.96
A50: Insumo | B50: 5031 | C50: SINAPI - I | D50: VIDRO TEMPERADO INCOLOR PARA PORTA DE ABRIR, E = 10 MM (SEM FERRAGENS E SEM COLOCACAO) | E50: Material | G50: M² | H50: 5.46 | I50: 405 | J50: =TRUNC(H50*I50,2) -> 2211.3
A51: Insumo | B51: 1622 | C51: ORSE-I | D51: MOLA HIDRÁULICA PARA VIDRO TEMPERADO (TIPO BLINDEX - REF. 1024 OU SIMILAR) | E51: Material | G51: UN | H51: 2 | I51: 1012.03 | J51: =TRUNC(H51*I51,2) -> 2024.06
H52: TOTAL | J52: =SUM(J47:J51) -> 4581.02
A54: 7.3.2 | B54: Código | C54: Banco | D54: COMPOSIÇÃO 05 | E54: Tipo | G54: Und | H54: Quant. | I54: Valor Unit | J54: Total
D55: PORTA DE ABRIR COM MOLA HIDRÁULICA, EM VIDRO TEMPERADO COM BANDEIRA FIXA, 1,60X2,10 M, ESPESSURA 10MM, INCLUSIVE ACESSÓRIOS | E55: ESQV - ESQUADRIAS/FERRAGENS/VIDROS | G55: UN | H55: 1 | J55: =J61 -> 4783.52
A56: Composição Auxiliar | B56: 88325 | C56: SINAPI | D56: VIDRACEIRO COM ENCARGOS COMPLEMENTARES | E56: SEDI - SERVIÇOS DIVERSOS | G56: H | H56: 3.253 | I56: 23.07 | J56: =TRUNC(H56*I56,2) -> 75.04
A57: Composição Auxiliar | B57: 88316 | C57: SINAPI | D57: SERVENTE COM ENCARGOS COMPLEMENTARES | E57: SEDI - SERVIÇOS DIVERSOS | G57: H | H57: 3.162 | I57: 22.98 | J57: =TRUNC(H57*I57,2) -> 72.66
A58: Insumo | B58: 3104 | C58: SINAPI - I | D58: CONJ. DE FERRAGENS PARA PORTA DE VIDRO TEMPERADO, EM ZAMAC CROMADO,CONTEMPLANDO DOBRADICA INF., DOBRADICA SUP., PIVO PARA DOBRADICA INF., PIVO PARA DOBRADICA SUP., FECHADURA CENTRAL EM ZAMC. CROMADO, CONTRA FECHADURA DE PRESSAO | E58: Material | G58: CJ | H58: 1 | I58: 197.96 | J58: =TRUNC(H58*I58,2) -> 197.96
A59: Insumo | B59: 5031 | C59: SINAPI - I | D59: VIDRO TEMPERADO INCOLOR PARA PORTA DE ABRIR, E = 10 MM (SEM FERRAGENS E SEM COLOCACAO) | E59: Material | G59: M² | H59: 5.96 | I59: 405 | J59: =TRUNC(H59*I59,2) -> 2413.8
A60: Insumo | B60: 1622 | C60: ORSE-I | D60: MOLA HIDRÁULICA PARA VIDRO TEMPERADO (TIPO BLINDEX - REF. 1024 OU SIMILAR) | E60: Material | G60: UN | H60: 2 | I60: 1012.03 | J60: =TRUNC(H60*I60,2) -> 2024.06
H61: TOTAL | J61: =SUM(J56:J60) -> 4783.52
A62: 9.2.14 | B62: Código | C62: Banco | D62: COMPOSIÇÃO 06 | E62: Tipo | G62: Und | H62: Quant. | I62: Valor Unit | J62: Total
D63: CAIXA D´ÁGUA EM POLIETILENO, 1500 LITROS (INCLUSOS TUBOS, CONEXÕES E TORNEIRA DE BÓIA) - FORNECIMENTO E INSTALAÇÃO. | E63: SEDI - SERVIÇOS DIVERSOS | G63: UN | H63: 1 | J63: =J80 -> 1390.84
A64: Composição Auxiliar | B64: 94489 | C64: SINAPI | D64: REGISTRO DE ESFERA, PVC, SOLDÁVEL, COM VOLANTE, DN 25 MM - FORNECIMENTO E INSTALAÇÃO. AF_08/2021 | E64: SEDI - SERVIÇOS DIVERSOS | G64: UN | H64: 2 | I64: 32.59 | J64: =TRUNC(H64*I64,2) -> 65.18
A65: Composição Auxiliar | B65: 94491 | C65: SINAPI | D65: REGISTRO DE ESFERA, PVC, SOLDÁVEL, COM VOLANTE, DN 40 MM - FORNECIMENTO E INSTALAÇÃO. AF_08/2021 | E65: SEDI - SERVIÇOS DIVERSOS | G65: UN | H65: 1 | I65: 65.96 | J65: =TRUNC(H65*I65,2) -> 65.96
A66: Composição Auxiliar | B66: 94648 | C66: SINAPI | D66: TUBO, PVC, SOLDÁVEL, DE 25MM, INSTALADO EM RESERVAÇÃO PREDIAL DE ÁGUA - FORNECIMENTO E INSTALAÇÃO. AF_04/2024 | E66: SEDI - SERVIÇOS DIVERSOS | G66: M | H66: 1.8 | I66: 6.55 | J66: =TRUNC(H66*I66,2) -> 11.79
A67: Composição Auxiliar | B67: 94650 | C67: SINAPI | D67: TUBO, PVC, SOLDÁVEL, DE 40MM, INSTALADO EM RESERVAÇÃO PREDIAL DE ÁGUA - FORNECIMENTO E INSTALAÇÃO. AF_04/2024 | E67: SEDI - SERVIÇOS DIVERSOS | G67: M | H67: 0.95 | I67: 18.32 | J67: =TRUNC(H67*I67,2) -> 17.4
A68: Composição Auxiliar | B68: 94672 | C68: SINAPI | D68: JOELHO 90 GRAUS COM BUCHA DE LATÃO, PVC, SOLDÁVEL, DN 25 MM X 3/4", INSTALADO EM RESERVAÇÃO PREDIAL DE ÁGUA - FORNECIMENTO E INSTALAÇÃO. AF_04/2024 | E68: SEDI - SERVIÇOS DIVERSOS | G68: UN | H68: 2 | I68: 5.86 | J68: =TRUNC(H68*I68,2) -> 11.72
A69: Composição Auxiliar | B69: 94676 | C69: SINAPI | D69: JOELHO 90 GRAUS, PVC, SOLDÁVEL, DN 40 MM INSTALADO EM RESERVAÇÃO PREDIAL DE ÁGUA - FORNECIMENTO E INSTALAÇÃO. AF_04/2024 | E69: SEDI - SERVIÇOS DIVERSOS | G69: UN | H69: 1 | I69: 12.64 | J69: =TRUNC(H69*I69,2) -> 12.64
A70: Composição Auxiliar | B70: 94688 | C70: SINAPI | D70: TÊ, PVC, SOLDÁVEL, DN 25 MM INSTALADO EM RESERVAÇÃO PREDIAL DE ÁGUA - FORNECIMENTO E INSTALAÇÃO. AF_04/2024 | E70: SEDI - SERVIÇOS DIVERSOS | G70: UN | H70: 1 | I70: 6.66 | J70: =TRUNC(H70*I70,2) -> 6.66
A71: Composição Auxiliar | B71: 94692 | C71: SINAPI | D71: TÊ, PVC, SOLDÁVEL, DN 40 MM INSTALADO EM RESERVAÇÃO PREDIAL DE ÁGUA - FORNECIMENTO E INSTALAÇÃO. AF_04/2024 | E71: SEDI - SERVIÇOS DIVERSOS | G71: UN | H71: 1 | I71: 18.45 | J71: =TRUNC(H71*I71,2) -> 18.45
A72: Composição Auxiliar | B72: 94703 | C72: SINAPI | D72: ADAPTADOR COM FLANGE E ANEL DE VEDAÇÃO, PVC, SOLDÁVEL, DN 25 MM X 3/4", INSTALADO EM RESERVAÇÃO PREDIAL DE ÁGUA - FORNECIMENTO E INSTALAÇÃO. AF_04/2024 | E72: SEDI - SERVIÇOS DIVERSOS | G72: UN | H72: 3 | I72: 19.21 | J72: =TRUNC(H72*I72,2) -> 57.63
A73: Composição Auxiliar | B73: 94705 | C73: SINAPI | D73: ADAPTADOR COM FLANGE E ANEL DE VEDAÇÃO, PVC, SOLDÁVEL, DN 40 MM X 1 1/4", INSTALADO EM RESERVAÇÃO PREDIAL DE ÁGUA - FORNECIMENTO E INSTALAÇÃO. AF_04/2024 | E73: SEDI - SERVIÇOS DIVERSOS | G73: UN | H73: 1 | I73: 34.82 | J73: =TRUNC(H73*I73,2) -> 34.82
A74: Composição Auxiliar | B74: 94796 | C74: SINAPI | D74: TORNEIRA DE BOIA PARA CAIXA D'ÁGUA, ROSCÁVEL, 3/4" - FORNECIMENTO E INSTALAÇÃO. AF_08/2021 | E74: SEDI - SERVIÇOS DIVERSOS | G74: UN | H74: 1 | I74: 37.3 | J74: =TRUNC(H74*I74,2) -> 37.3
A75: Composição Auxiliar | B75: 102591 | C75: SINAPI | D75: FURO EM CAIXA D'ÁGUA COM ESPESSURA DE 2 ATÉ 5 MM E DIÂMETRO DE 25 MM. AF_06/2021 | E75: SEDI - SERVIÇOS DIVERSOS | G75: UN | H75: 3 | I75: 4.38 | J75: =TRUNC(H75*I75,2) -> 13.14
... A79: Insumo | B79: 34639 | C79: SINAPI - I | D79: CAIXA D'AGUA EM POLIETILENO 1500 LITROS, COM TAMPA | E79: Material | G79: UN | H79: 1 | I79: 1024.83 | J79: =TRUNC(H79*I79,2) -> 1024.83
H80: TOTAL | J80: =SUM(J64:J79) -> 1390.84
A81: 9.2.27 | B81: Código | C81: Banco | D81: COMPOSIÇÃO 07 | E81: Tipo | G81: Und | H81: Quant. | I81: Valor Unit | J81: Total
D82: RESERVATORIO RETANGULAR, EM ALVENARIA COM BLOCOS CONCRETO 14X19X39, DIMENSÕES INTERNAS: 3 X 2.5X 2 M, VOLUME ÚTIL: 15000 L | E82: SEDI - SERVIÇOS DIVERSOS | G82: UN | H82: 1 | J82: =J105 -> 14501.75
A83: Composição Auxiliar | B83: 5678 | C83: SINAPI | D83: RETROESCAVADEIRA SOBRE RODAS COM CARREGADEIRA, TRAÇÃO 4X4, POTÊNCIA LÍQ. 88 HP, CAÇAMBA CARREG. CAP. MÍN. 1 M3, CAÇAMBA RETRO CAP. 0,26 M3, PESO OPERACIONAL MÍN. 6.674 KG, PROFUNDIDADE ESCAVAÇÃO MÁX. 4,37 M - C HP DIURNO. AF_06/2014 | E83: SEDI - SERVIÇOS DIVERSOS | G83: CHP | H83: 0.2 | I83: 144.74 | J83: =TRUNC(H83*I83,2) -> 28.94
A84: Composição Auxiliar | B84: 5679 | C84: SINAPI | D84: RETROESCAVADEIRA SOBRE RODAS COM CARREGADEIRA, TRAÇÃO 4X4, POTÊNCIA LÍQ. 88 HP, CAÇAMBA CARREG. CAP. MÍN. 1 M3, CAÇAMBA RETRO CAP. 0,26 M3, PESO OPERACIONAL MÍN. 6.674 KG, PROFUNDIDADE ESCAVAÇÃO MÁX. 4,37 M - C HI DIURNO. AF_06/2014 | E84: SEDI - SERVIÇOS DIVERSOS | G84: CHI | H84: 0.4 | I84: 59.98 | J84: =TRUNC(H84*I84,2) -> 23.99
A85: Composição Auxiliar | B85: 88309 | C85: SINAPI | D85: PEDREIRO COM ENCARGOS COMPLEMENTARES | E85: SEDI - SERVIÇOS DIVERSOS | G85: H | H85: 103.78 | I85: 28.29 | J85: =TRUNC(H85*I85,2) -> 2935.93
A86: Composição Auxiliar | B86: 88316 | C86: SINAPI | D86: SERVENTE COM ENCARGOS COMPLEMENTARES | E86: SEDI - SERVIÇOS DIVERSOS | G86: H | H86: 81.54 | I86: 22.98 | J86: =TRUNC(H86*I86,2) -> 1873.78
A87: Composição Auxiliar | B87: 94974 | C87: SINAPI | D87: CONCRETO MAGRO PARA LASTRO, TRAÇO 1:4,5:4,5 (EM MASSA SECA DE CIMENTO/AREIA MÉDIA/ BRITA 1) - PREPARO MANUAL. AF_05/2021 | E87: SEDI - SERVIÇOS DIVERSOS | G87: M³ | H87: 0.46 | I87: 511.7 | J87: =TRUNC(H87*I87,2) -> 235.38
A88: Composição Auxiliar | B88: 87878 | C88: SINAPI | D88: CHAPISCO APLICADO EM ALVENARIAS E ESTRUTURAS DE CONCRETO INTERNAS, COM COLHER DE PEDREIRO. ARGAMASSA TRAÇO 1:3 COM PREPARO MANUAL. AF_10/2022 | E88: SEDI - SERVIÇOS DIVERSOS | G88: M² | H88: 22 | I88: 5.24 | J88: =TRUNC(H88*I88,2) -> 115.28
A89: Composição Auxiliar | B89: 100475 | C89: SINAPI | D89: ARGAMASSA TRAÇO 1:3 (EM VOLUME DE CIMENTO E AREIA MÉDIA ÚMIDA) COM ADIÇÃO DE IMPERMEABILIZANTE, PREPARO MECÂNICO COM BETONEIRA 400 L. AF_08/2019 | E89: SEDI - SERVIÇOS DIVERSOS | G89: M³ | H89: 0.66 | I89: 795.54 | J89: =TRUNC(H89*I89,2) -> 525.05
A90: Composição Auxiliar | B90: 96545 | C90: SINAPI | D90: ARMAÇÃO DE BLOCO UTILIZANDO AÇO CA-50 DE 8 MM - MONTAGEM. AF_01/2024 | E90: SEDI - SERVIÇOS DIVERSOS | G90: KG | H90: 75.3 | I90: 15.46 | J90: =TRUNC(H90*I90,2) -> 1164.13
A91: Composição Auxiliar | B91: 92763 | C91: SINAPI | D91: ARMAÇÃO DE PILAR OU VIGA DE ESTRUTURA CONVENCIONAL DE CONCRETO ARMADOUTILIZANDO AÇO CA-50 DE 12,5 MM - MONTAGEM. AF_06/2022 | E91: SEDI - SERVIÇOS DIVERSOS | G91: KG | H91: 85 | I91: 8.68 | J91: =TRUNC(H91*I91,2) -> 737.8
A92: Composição Auxiliar | B92: 92769 | C92: SINAPI | D92: ARMAÇÃO DE LAJE DE ESTRUTURA CONVENCIONAL DE CONCRETO ARMADO UTILIZANDO AÇO CA-50 DE 6,3 MM - MONTAGEM. AF_06/2022 | E92: SEDI - SERVIÇOS DIVERSOS | G92: KG | H92: 108 | I92: 12.08 | J92: =TRUNC(H92*I92,2) -> 1304.64
A93: Composição Auxiliar | B93: 92768 | C93: SINAPI | D93: ARMAÇÃO DE LAJE DE ESTRUTURA CONVENCIONAL DE CONCRETO ARMADO UTILIZANDO AÇO CA-60 DE 5,0 MM - MONTAGEM. AF_06/2022 | E93: SEDI - SERVIÇOS DIVERSOS | G93: KG | H93: 17.3 | I93: 12.99 | J93: =TRUNC(H93*I93,2) -> 224.72
A94: Composição Auxiliar | B94: 92767 | C94: SINAPI | D94: ARMAÇÃO DE LAJE DE ESTRUTURA CONVENCIONAL DE CONCRETO ARMADO UTILIZANDO AÇO CA-60 DE 4,2 MM - MONTAGEM. AF_06/2022 | E94: SEDI - SERVIÇOS DIVERSOS | G94: KG | H94: 10.9 | I94: 14.97 | J94: =TRUNC(H94*I94,2) -> 163.17
... A104: Insumo | B104: 651 | C104: SINAPI - I | D104: BLOCO DE VEDACAO DE CONCRETO 14 X 19 X 39 CM (CLASSE C - NBR 6136) | E104: Material | G104: UN | H104: 172 | I104: 3.9 | J104: =TRUNC(H104*I104,2) -> 670.8
I105: TOTAL | J105: =SUM(J83:J104) -> 14501.75
A106: 9.2.32 | B106: Código | C106: Banco | D106: COMPOSIÇÃO 08 | E106: Tipo | G106: Und | H106: Quant. | I106: Valor Unit | J106: Total
D107: TÊ DE REDUÇÃO, 90° PVC RIGIFO SOLDÁVEL, D = 40 X 25 MM | E107: SEDI - SERVIÇOS DIVERSOS | G107: UN | H107: 1 | J107: =J113 -> 28.6
A108: Composição Auxiliar | B108: 88267 | C108: SINAPI | D108: ENCANADOR OU BOMBEIRO HIDRÁULICO COM ENCARGOS COMPLEMENTARES | E108: SEDI - SERVIÇOS DIVERSOS | G108: H | H108: 0.3 | I108: 27.77 | J108: =TRUNC(H108*I108,2) -> 8.33
A109: Composição Auxiliar | B109: 88316 | C109: SINAPI | D109: SERVENTE COM ENCARGOS COMPLEMENTARES | E109: SEDI - SERVIÇOS DIVERSOS | G109: H | H109: 0.3 | I109: 22.98 | J109: =TRUNC(H109*I109,2) -> 6.89
A110: Insumo | B110: 138 | C110: ORSE-I | D110: ADESIVO PVC EM FRASCO DE 850 GRAMAS | E110: Material | G110: KG | H110: 0.014 | I110: 72.41 | J110: =TRUNC(H110*I110,2) -> 1.01
A111: Insumo | B111: 2036 | C111: ORSE-I | D111: SOLUÇÃO LIMPADORA PVC | E111: Material | G111: L | H111: 0.02 | I111: 69.74 | J111: =TRUNC(H111*I111,2) -> 1.39
A112: Insumo | B112: 2572 | C112: ORSE-I | D112: TE 90° REDUÇÃO PVC RIGIDO SOLDAVEL, MARROM, D = 40 X 25 MM | E112: Material | G112: UN | H112: 1 | I112: 10.98 | J112: =TRUNC(H112*I112,2) -> 10.98
H113: TOTAL | J113: =SUM(J108:J112) -> 28.6
A114: 9.3.2 | B114: Código | C114: Banco | D114: COMPOSIÇÃO 09 | E114: Tipo | G114: Und | H114: Quant. | I114: Valor Unit | J114: Total
D115: CAIXA DE GORDURA SIMPLES RETANGULAR EM ALVENARIA COM TIJOLOS CERÂMICOS MACIÇOS, DIMENSÕES INTERNAS: 0,4X0,4X0,4 M PARA REDE DE ESGOTO. AF_12/2020 | E115: SEDI - SERVIÇOS DIVERSOS | G115: UN | H115: 1 | J115: =J129 -> 520.76
A116: Composição Auxiliar | B116: 87316 | C116: SINAPI | D116: ARGAMASSA TRAÇO 1:4 (EM VOLUME DE CIMENTO E AREIA GROSSA ÚMIDA) PARA CHAPISCO CONVENCIONAL, PREPARO MECÂNICO COM BETONEIRA 400 L. AF_08/2019 | E116: SEDI - SERVIÇOS DIVERSOS | G116: M³ | H116: 0.069 | I116: 535.62 | J116: =TRUNC(H116*I116,2) -> 36.95
A117: Composição Auxiliar | B117: 88309 | C117: SINAPI | D117: PEDREIRO COM ENCARGOS COMPLEMENTARES | E117: SEDI - SERVIÇOS DIVERSOS | G117: H | H117: 2.367 | I117: 28.29 | J117: =TRUNC(H117*I117,2) -> 66.96
...

Sheet Cromograma Fisico Financeiro
B1: PREFEITURA MUNICIPAL DE GOIANA
A2: SECRETARIA DE SAÚDE
A3: OBRA: | B3: =ORÇAMENTO!C4 -> CONTRATAÇÃO DE EMPRESA ESPECIALIZADA PARA EXECUÇÃO DOS SERVIÇOS REMANESCENTES E COMPLEMENTARES VISANDO À RETOMADA E CONCLUSÃO DA OBRA DE CONSTRUÇÃO DA UNIDADE BÁSICA DE SAÚDE – UBS MALVINAS | I3: BDI: | J3: 0.2452
A4: ENDEREÇO: | B4: LOTEAMENTO GULANDIM S/N, MALVINAS, DISTRITO DE PONTA DE PEDRAS, MUNICIPIO DE GOIANA - PE. | I4: BDI DIFERENCIADO: | J4: 0.1632
A5: DATA: | B5: FEVEREIRO DE 2026
A6: TABELAS DE REFER: | B6: SINAPI - JANEIRO 2026 (DESONERADA) , ORSE DEZEMBRO 2025 e SEINFRA - 028.1
A7: CRONOGRAMA FÍSICO FINANCEIRO
A9: ITEM | B9: DESCRIÇÃO DOS SERVIÇOS | C9: VALOR (R$) | D9: % ITEM | E9: 30 DIAS | F9: 60 DIAS | G9: 90 DIAS | H9: 120 DIAS | I9: 150 DIAS | J9: 180 DIAS
A11: 1 | B11: SERVIÇOS PRELIMINARES | C11: =ORÇAMENTO!K10 -> 38536.19 | D11: =C11/C34 -> 0.03575196 | E11: 1
E12: =ROUND(C11*E11,2) -> 38536.19 | L12: =E12 -> 38536.19
A13: 2 | B13: ADMINISTRAÇÃO LOCAL | C13: =ORÇAMENTO!K19 -> 104881.92 | D13: =C13/C34 -> 0.097304227 | E13: =SUM(1/6) -> 0.16666667 | F13: =SUM(1/6) -> 0.16666667 | G13: =SUM(1/6) -> 0.16666667 | H13: =SUM(1/6) -> 0.16666667 | I13: =SUM(1/6) -> 0.16666667 | J13: =SUM(1/6) -> 0.16666667
E14: =ROUND(C13*E13,2) -> 17480.32 | F14: =ROUND(C13*F13,2) -> 17480.32 | G14: =ROUND(C13*G13,2) -> 17480.32 | H14: =ROUND(C13*H13,2) -> 17480.32 | I14: =ROUND(C13*I13,2) -> 17480.32 | J14: =ROUND(C13*J13,2) -> 17480.32 | L14: =SUM(E14:J14) -> 104881.92 | M14: =L14-C13 -> 0
A15: 3 | B15: =ORÇAMENTO!D22 -> ESTRUTURAS METÁLICAS | C15: =ORÇAMENTO!K22 -> 92140.65 | D15: =C15/C34 -> 0.08548351 | G15: 1
G16: =ROUND(C15*G15,2) -> 92140.65 | L16: =SUM(F16:J16) -> 92140.65 | M16: =L16-C15 -> 0
A17: 4 | B17: =ORÇAMENTO!D33 -> ALVENARIA - VEDAÇÃO E MURIO EXTERNO | C17: =ORÇAMENTO!K33 -> 17471.83 | D17: =C17/C34 -> 0.016209495 | E17: 0.3 | F17: 0.5 | G17: 0.2
E18: =ROUND(E17*C17,2) -> 5241.55 | F18: =ROUND(F17*C17,2) -> 8735.92 | G18: =ROUND(C17*G17,2) -> 3494.37 | L18: =SUM(E18:J18) -> 17471.84 | M18: =L18-C17 -> 0.01
A19: 5 | B19: =ORÇAMENTO!D45 -> COBERTURA | C19: =ORÇAMENTO!K45 -> 64567.46 | D19: =C19/C34 -> 0.059902477 | F19: 0.1 | G19: 0.7 | H19: 0.2 | M19: =L19-C18 -> 0
F20: =(F19*C19) -> 6456.746 | G20: =(G19*C19) -> 45197.222 | H20: =(H19*C19) -> 12913.492 | L20: =E20+F20+G20+H20 -> 64567.46 | M20: =L20-C19 -> 0
A21: 6 | B21: =ORÇAMENTO!D55 -> REVESTIMENTOS | C21: =ORÇAMENTO!K55 -> 323474.21 | D21: =C21/C34 -> 0.30010328 | H21: 0.5 | I21: 0.5 | M21: =L21-C20 -> 0
H22: =(H21*C21) -> 161737.11 | I22: =(I21*C21) -> 161737.11 | L22: =H22+I22 -> 323474.21 | M22: =L22-C21 -> 0
A23: 7 | B23: =ORÇAMENTO!D81 -> ESQUADRIAS | C23: =ORÇAMENTO!K81 -> 79127.21 | D23: =C23/C34 -> 0.073410288 | H23: 0.35 | I23: 0.5 | J23: 0.15 | M23: =L23-C22 -> 0
H24: =ROUND(C23*H23,2) -> 27694.52 | I24: =ROUND(C23*I23,2) -> 39563.61 | J24: =ROUND(C23*J23,2) -> 11869.08 | L24: =J24+I24+H24+G24+F24+E24 -> 79127.21 | M24: =L24-C23 -> 0
A25: 8 | B25: =ORÇAMENTO!D95 -> INSTALAÇÕES ELÉTRICAS E DE LÓGICA | C25: =ORÇAMENTO!K95 -> 120894.65 | D25: =C25/C34 -> 0.11216004 | I25: 0.5 | J25: 0.5 | M25: =L25-C24 -> 0
I26: =(C25*I25) -> 60447.325 | J26: =(C25*J25) -> 60447.325 | L26: =SUM(G26:J26) -> 120894.65 | M26: =L26-C25 -> 0
A27: 9 | B27: =ORÇAMENTO!D174 -> INSTALAÇÕES HIDRAULICAS | C27: =ORÇAMENTO!K174 -> 147247.91 | D27: =C27/C34 -> 0.13660928 | G27: 0.2 | H27: 0.4 | I27: 0.25 | J27: 0.15 | M27: =L27-C26 -> 0
G28: =(G27*C27) -> 29449.582 | H28: =(C27*H27) -> 58899.164 | I28: =(C27*I27) -> 36811.978 | J28: =(C27*J27) -> 22087.186 | L28: =SUM(F28:J28) -> 147247.91 | M28: =L28-C27 -> 0
A29: 10 | B29: =ORÇAMENTO!D296 -> REDE DE AR CONDICIONADO | C29: =ORÇAMENTO!K296 -> 64251.06 | D29: =C29/C34 -> 0.059608937 | F29: , | G29: 0.3 | H29: 0.4 | I29: 0.2 | J29: 0.1 | M29: =L29-C28 -> 0
G30: =(G29*C29) -> 19275.318 | H30: =(H29*C29) -> 25700.424 | I30: =(I29*C29) -> 12850.212 | J30: =(J29*C29) -> 6425.106 | L30: =I30+H30+G30+F30+J30 -> 64251.06
A31: 11 | B31: =ORÇAMENTO!D314 -> DIVERSOS E LIMPEZA DA OBRA | C31: =ORÇAMENTO!K314 -> 25281.21 | D31: =C31/C34 -> 0.023454649 | I31: 0.06 | J31: 0.94 | M31: =L31-#REF! -> #REF!
I32: =(I31*C31) -> 1516.8726 | J32: =(J31*C31) -> 23764.337 | L32: =SUM(I32:J32) -> 25281.21 | M32: =L32-C31 -> 0
M33: =L33-#REF! -> #REF!
A34: VALORES TOTAIS | C34: =SUM(C11+C13+C15+C17+C19+C21+C23+C25+C27+C29+C31,2) -> 1077876.3 | D34: =D31+D29+D27+D25+D23+D21+D19+D17+D15+D13+D11 -> 0.99999814 | E34: =TRUNC(E12+E14+E18,2) -> 61258.06 | F34: =TRUNC(F14+F18+F20,2) -> 32672.98 | G34: =SUM(G14+G16+G18+G20+G28+G30,2) -> 207039.46 | H34: =SUM(H14+H20+H22+H24+H28+H30,2) -> 304427.03 | I34: =SUM(I14+I22+I24+I26+I28+I30+I32,2) -> 330409.42 | J34: =SUM(J14+J24+J28+J32+J26+J30,2) -> 142075.35 | L34: =SUM(E34:J34) -> 1077882.3
E35: =E34/C34 -> 0.05683218 | F35: =F34/C34 -> 0.030312365 | G35: =G34/C34 -> 0.19208091 | H35: =H34/C34 -> 0.28243225 | I35: =I34/C34 -> 0.30653742 | J35: =J34/C34 -> 0.13181045 | K35: =E35+F35+G35+H35+I35+J35 -> 1.0000056
A36: % ACUMULADA | E36: 0.0562 | F36: =E35+F35 -> 0.087144545 | G36: =G35+F35+E35 -> 0.27922546 | H36: =H35+G35+F35+E35 -> 0.5616577 | I36: =I35+H35+G35+F35+E35 -> 0.86819513 | J36: =J35+I35+H35+G35+F35+E35 -> 1.0000056
A37: VALOR ACUMULADO | E37: =E34 -> 61258.06 | F37: =SUM(E37+F34,2) -> 93933.04 | G37: =F37+G34 -> 300972.5 | H37: =G37+H34 -> 605399.53 | I37: =H37+I34 -> 935808.95 | J37: =I37+J34 -> 1077884.3
F40: =E34+F34+G34+H34+I34+J34 -> 1077882.3

Sheet BDI
A2: PLANILHA ORÇAMENTÁRIA CONSOLIDADA - Versão Desonerada
A3: MUNICÍPIO DE GOIANA | H3: VALORES BDI POR TIPO DE OBRAS
D4: SELECIONE UM TIPO DE SERVIÇO | I4: 1°QUARTIL | J4: MÉDIO | K4: 3°QUARTIL
A5: ITEM | B5: COMPOSIÇÃO BDI | C5: % | D5: CONSTRUÇÃO DE EDIFÍCIOS | H5: CONSTRUÇÃO DE EDIFÍCIOS | I5: 0.2034 | J5: 0.2212 | K5: 0.25
A6: ADMINISTRAÇÃO CENTRAL | H6: CONSTRUÇÃO DE RODOVIAS E FERROVIAS | I6: 0.196 | J6: 0.2097 | K6: 0.2423
A7: AC | B7: ADMINISTRAÇÃO CENTRAL | C7: =D7 -> 0.03 | D7: =IF(D5=H5,I10,IF(D5=H6,I11,I12)) -> 0.03 | H7: MERO FORNECIMENTO DE MATERIAIS E EQUIPAMENTOS | I7: 0.111 | J7: 0.1402 | K7: 0.168
A8: DF | B8: DESPESAS FINANCEIRAS | C8: =D8 -> 0.0059 | D8: =IF(D5=H5,J10,IF(D5=H6,J11,J12)) -> 0.0059
A9: R | B9: RISCOS | C9: =D9 -> 0.0097 | D9: =IF(D5=H5,K10,IF(D5=H6,K11,K12)) -> 0.0097 | I9: AC | J9: DF | K9: R | L9: S+G | M9: L | O9: BDI
A10: S+G | B10: SEGUROS E GARANTIAS CONTRATUAIS | C10: =D10 -> 0.008 | D10: =IF(D5=H5,L10,IF(D5=H6,L11,L12)) -> 0.008 | H10: CONSTRUÇÃO DE EDIFÍCIOS | I10: 0.03 | J10: 0.0059 | K10: 0.0097 | L10: 0.008 | M10: 0.0616 | O10: 0.2452
H11: CONSTRUÇÃO DE RODOVIAS E FERROVIAS | I11: 0.038 | J11: 0.0102 | K11: 0.005 | L11: 0.0032 | M11: 0.0664 | O11: 0.2544
A12: LUCRO | H12: MERO FORNECIMENTO DE MATERIAIS E EQUIPAMENTOS | I12: 0.015 | J12: 0.0085 | K12: 0.0056 | L12: 0.003 | M12: 0.035 | O12: 0.1632 | Q12: DESCONSIDERAR ISS
A13: L | B13: LUCRO OPERACIONAL | C13: =D13 -> 0.0616 | D13: =IF(D5=H5,M10,IF(D5=H6,M11,M12)) -> 0.0616
A15: TRIBUTOS | D15: =SUM(C16:C19) -> 0.1015
A16: I.1 | B16: PIS | C16: 0.0065
A17: I.2 | B17: COFINS | C17: 0.03
A18: I.3 | B18: ISSQN | C18: =D18 -> 0.02 | D18: =IF(D5=H7,0,2%) -> 0.02
A19: l.4 | B19: CONTRIBUIÇÃO PREVIDENCIÁRIA SOBRE A RENDA BRUTA | C19: 0.045 | F19: =ROUND(((((1+(C7+C9+C10))*(1+C8)*(1+C13))/(1-D15))-1),4) -> 0.2452
A21: BDI COM TRIBUTOS (%) | C21: =F19 -> 0.2452
A22: FÓRMULA: OBSERVAÇÕES: Onde: AC = taxa de rateio da administração central S = taxa representativa de seguros R = taxa representativa correspondente os riscos e imprevistos G = taxa que representa o ônus das garantias exigidas em edital DF = taxa representativa das despesas financeiras L = corresponde à remuneração bruta do construtor I = taxa representativa dos tributos incidentes sobre o preço de venda (PIS, Cofins, CPRB e ISS). ** Percentuais retirados do ACÓRDÃO Nº 0204-16 – TCE – PE.

Sheet BDI - II
A2: PLANILHA ORÇAMENTÁRIA CONSOLIDADA - Versão Desonerada
A3: MUNICÍPIO DE GOIANA | H3: VALORES BDI POR TIPO DE OBRAS
D4: SELECIONE UM TIPO DE SERVIÇO | I4: 1°QUARTIL | J4: MÉDIO | K4: 3°QUARTIL
A5: ITEM | B5: COMPOSIÇÃO COMPOSIÇÃO BDI | C5: % | D5: MERO FORNECIMENTO DE MATERIAIS E EQUIPAMENTOS | H5: CONSTRUÇÃO DE EDIFÍCIOS | I5: 0.2034 | J5: 0.2212 | K5: 0.25
A6: ADMINISTRAÇÃO CENTRAL | H6: CONSTRUÇÃO DE RODOVIAS E FERROVIAS | I6: 0.196 | J6: 0.2097 | K6: 0.2423
A7: AC | B7: ADMINISTRAÇÃO CENTRAL | C7: =D7 -> 0.015 | D7: =IF(D5=H5,I10,IF(D5=H6,I11,I12)) -> 0.015 | H7: MERO FORNECIMENTO DE MATERIAIS E EQUIPAMENTOS | I7: 0.111 | J7: 0.1402 | K7: 0.168
A8: DF | B8: DESPESAS FINANCEIRAS | C8: =D8 -> 0.0085 | D8: =IF(D5=H5,J10,IF(D5=H6,J11,J12)) -> 0.0085
A9: R | B9: RISCOS | C9: =D9 -> 0.0056 | D9: =IF(D5=H5,K10,IF(D5=H6,K11,K12)) -> 0.0056 | I9: AC | J9: DF | K9: R | L9: S+G | M9: L | O9: BDI
A10: S+G | B10: SEGUROS E GARANTIAS CONTRATUAIS | C10: =D10 -> 0.003 | D10: =IF(D5=H5,L10,IF(D5=H6,L11,L12)) -> 0.003 | H10: CONSTRUÇÃO DE EDIFÍCIOS | I10: 0.03 | J10: 0.0059 | K10: 0.0097 | L10: 0.008 | M10: 0.0616 | O10: 0.2452
H11: CONSTRUÇÃO DE RODOVIAS E FERROVIAS | I11: 0.038 | J11: 0.0102 | K11: 0.005 | L11: 0.0032 | M11: 0.0664 | O11: 0.2544
A12: LUCRO | H12: MERO FORNECIMENTO DE MATERIAIS E EQUIPAMENTOS | I12: 0.015 | J12: 0.0085 | K12: 0.0056 | L12: 0.003 | M12: 0.035 | O12: 0.1632 | Q12: DESCONSIDERAR ISS
A13: L | B13: LUCRO OPERACIONAL | C13: =D13 -> 0.035 | D13: =IF(D5=H5,M10,IF(D5=H6,M11,M12)) -> 0.035
A15: TRIBUTOS | D15: =SUM(C16:C19) -> 0.0815
A16: I.1 | B16: PIS | C16: 0.0065
A17: I.2 | B17: COFINS | C17: 0.03
A18: I.3 | B18: ISSQN | C18: =D18 -> 0 | D18: =IF(D5=H7,0,2%) -> 0
A19: l.4 | B19: 9/88888888888 | C19: 0.045 | F19: =ROUND(((((1+(C7+C9+C10))*(1+C8)*(1+C13))/(1-D15))-1),4) -> 0.1632
A21: BDI COM TRIBUTOS (%) | C21: =F19 -> 0.1632
A22: FÓRMULA: OBSERVAÇÕES: Onde: AC = taxa de rateio da administração central S = taxa representativa de seguros R = taxa representativa correspondente os riscos e imprevistos G = taxa que representa o ônus das garantias exigidas em edital DF = taxa representativa das despesas financeiras L = corresponde à remuneração bruta do construtor I = taxa representativa dos tributos incidentes sobre o preço de venda (PIS, Cofins, CPRB e ISS). ** Percentuais retirados do ACÓRDÃO Nº 0204-16 – TCE – PE.
